Workbook

Sheet Hard Input (2017)
A1: Source: WSJ
A3: Income Statement
A4: Fiscal year is January-December. All values MYR Millions. | B4: 2013 | C4: 2014 | D4: 2015 | E4: 2016 | F4: 2017
A5: Sales/Revenue | B5: 8328 | C5: 8229 | D5: 8396 | E5: 8932 | F5: 9329
A6: Sales Growth | B6: - | C6: -0.0118 | D6: 0.0202 | E6: 0.0638 | F6: 0.0445
A8: Cost of Goods Sold (COGS) incl. D&A | B8: 5527 | C8: 5823 | D8: 6354 | E8: 6449 | F8: 7136
A9: COGS excluding D&A | B9: 4975 | C9: 5216 | D9: 5669 | E9: 5648 | F9: 6196
A10: Depreciation & Amortization Expense | B10: 552 | C10: 608 | D10: 684 | E10: 801 | F10: 940
A11: Depreciation | B11: 478 | C11: 529 | D11: 588 | E11: 681 | F11: -
A12: Amortization of Intangibles | B12: 75 | C12: 79 | D12: 96 | E12: 120 | F12: -
A13: COGS Growth | B13: - | C13: 0.0536 | D13: 0.091 | E13: 0.015 | F13: 0.1065
A14: Gross Income | B14: 2800 | C14: 2406 | D14: 2042 | E14: 2483 | F14: 2193
A15: Gross Income Growth | B15: - | C15: -0.1408 | D15: -0.1511 | E15: 0.2155 | F15: -0.1166
A17: Gross Profit Margin | B17: - | C17: - | D17: - | E17: - | F17: 0.2351
A18: SG&A Expense | B18: 845 | C18: 758 | D18: 747 | E18: 981 | F18: 1130
A19: Other SG&A | B19: 845 | C19: 758 | D19: 747 | E19: 981 | F19: 1130
A20: SGA Growth | B20: - | C20: -0.1034 | D20: -0.0141 | E20: 0.3127 | F20: 0.152
A22: Other Operating Expense | B22: - | C22: - | D22: - | E22: - | F22: -192
A24: EBIT | B24: 1955 | C24: 1648 | D24: 1295 | E24: 1502 | F24: 1255
A25: Unusual Expense | B25: 78 | C25: 148 | D25: 14 | E25: -20 | F25: 63
A27: Non Operating Income/Expense | B27: -132 | C27: -30 | D27: 190 | E27: 1404 | F27: -63
A29: Non-Operating Interest Income | B29: 68 | C29: 89 | D29: 95 | E29: 257 | F29: 304
A30: Interest Expense | B30: 34 | C30: 35 | D30: 36 | E30: 92 | F30: 115
A31: Interest Expense Growth | B31: - | C31: 0.0205 | D31: 0.0316 | E31: 1.5487 | F31: 0.2557
A32: Gross Interest Expense | B32: 34 | C32: 44 | D32: 65 | E32: 184 | F32: 237
A33: Interest Capitalized | B33: - | C33: 9 | D33: 29 | E33: 93 | F33: 122
A34: Pretax Income | B34: 1779 | C34: 1525 | D34: 1530 | E34: 3091 | F34: 1318
A35: Pretax Income Growth | B35: - | C35: -0.1432 | D35: 0.0036 | E35: 1.02 | F35: -0.5735
A37: Pretax Margin | B37: - | C37: - | D37: - | E37: - | F37: 0.1413
A38: Income Tax | B38: 182 | C38: 384 | D38: 287 | E38: 290 | F38: 247
A39: Income Tax - Current Domestic | B39: 428 | C39: 373 | D39: 313 | E39: 74 | F39: 56
A40: Income Tax - Current Foreign | B40: 37 | C40: 37 | D40: -2 | E40: 66 | F40: 66
A42: Income Tax - Deferred Domestic | B42: -283 | C42: -27 | D42: -23 | E42: 150 | F42: 125
A44: Equity in Affiliates | B44: -13 | C44: - | D44: - | E44: - | F44: -
A46: Consolidated Net Income | B46: 1584 | C46: 1140 | D46: 1243 | E46: 2801 | F46: 1071
A47: Minority Interest Expense | B47: -19 | C47: -48 | D47: -15 | E47: -79 | F47: -89
A49: Net Income | B49: 1603 | C49: 1189 | D49: 1258 | E49: 2880 | F49: 1160
A50: Net Income Growth | B50: - | C50: -0.2585 | D50: 0.0582 | E50: 1.2896 | F50: -0.5973
A52: Net Margin | B52: - | C52: - | D52: - | E52: - | F52: 0.1243
A53: Net Income After Extraordinaries | B53: 1603 | C53: 1189 | D53: 1258 | E53: 2880 | F53: 1160
A54: Net Income Available to Common | B54: 1603 | C54: 1189 | D54: 1258 | E54: 2880 | F54: 1160
A55: EPS (Basic) | B55: 0.28 | C55: 0.21 | D55: 0.22 | E55: 0.51 | F55: 0.2
A56: EPS (Basic) Growth | B56: - | C56: -0.2583 | D56: 0.0596 | E56: 1.2922 | F56: -0.5977
A58: Basic Shares Outstanding | B58: 5672 | C58: 5671 | D58: 5664 | E58: 5657 | F58: 5662
A59: EPS (Diluted) | B59: 0.28 | C59: 0.21 | D59: 0.22 | E59: 0.51 | F59: 0.2
A60: EPS (Diluted) Growth | B60: - | C60: -0.2583 | D60: 0.0579 | E60: 1.29 | F60: -0.5979
A62: Diluted Shares Outstanding | B62: 5672 | C62: 5671 | D62: 5673 | E62: 5672 | F62: 5680
A63: EBITDA | B63: 2507 | C63: 2256 | D63: 1979 | E63: 2302 | F63: 2195
A64: EBITDA Growth | B64: - | C64: -0.1003 | D64: -0.1226 | E64: 0.1632 | F64: -0.0466
A66: EBITDA Margin | B66: - | C66: - | D66: - | E66: - | F66: 0.2353
A67: EBIT | B67: 1955 | C67: 1648 | D67: 1295 | E67: 1502 | F67: 1255
A70: Balance Sheet
A71: Assetss
A72: Fiscal year is January-December. All values MYR Millions. | B72: 2013 | C72: 2014 | D72: 2015 | E72: 2016 | F72: 2017
A73: Cash & Short Term Investments | B73: 4949 | C73: 4304 | D73: 5807 | E73: 5455 | F73: 6196
A74: Cash Only | B74: 3720 | C74: 2789 | D74: 4600 | E74: 4891 | F74: 6068
A75: Short-Term Investments | B75: 1229 | C75: 1515 | D75: 1208 | E75: 564 | F75: 127
A76: Cash & Short Term Investments Growth | B76: - | C76: -0.1304 | D76: 0.3493 | E76: -0.0607 | F76: 0.1359
A78: Cash & ST Investments / Total Assets | B78: 0.2487 | C78: 0.2065 | D78: 0.2106 | E78: 0.1951 | F78: 0.2067
A79: Total Accounts Receivable | B79: 251 | C79: 400 | D79: 298 | E79: 300 | F79: 686
A80: Accounts Receivables, Net | B80: 83 | C80: 133 | D80: 57 | E80: 86 | F80: 684
A81: Accounts Receivables, Gross | B81: 85 | C81: 140 | D81: 63 | E81: 176 | F81: 684
A82: Bad Debt/Doubtful Accounts | B82: -1 | C82: -7 | D82: -6 | E82: -90 | F82: -
A84: Other Receivables | B84: 167 | C84: 267 | D84: 241 | E84: 214 | F84: 2
A85: Accounts Receivable Growth | B85: - | C85: 0.598 | D85: -0.2561 | E85: 0.0081 | F85: 1.2861
A87: Accounts Receivable Turnover | B87: 33.24 | C87: 20.56 | D87: 28.19 | E87: 29.75 | F87: 13.59
A88: Inventories | B88: 88 | C88: 100 | D88: 120 | E88: 98 | F88: 112
A89: Finished Goods | B89: 23 | C89: 23 | D89: 23 | E89: 23 | F89: -
A90: Raw Materials | B90: 32 | C90: 27 | D90: 33 | E90: 30 | F90: -
A91: Progress Payments & Other | B91: 33 | C91: 51 | D91: 64 | E91: 45 | F91: -
A92: Other Current Assets | B92: 130 | C92: 176 | D92: 2317 | E92: 276 | F92: 66
A93: Prepaid Expenses | B93: 100 | C93: 117 | D93: 242 | E93: 234 | F93: -
A94: Miscellaneous Current Assets | B94: 30 | C94: 59 | D94: 2074 | E94: 42 | F94: 66
A95: Total Current Assets | B95: 5417 | C95: 4981 | D95: 8541 | E95: 6129 | F95: 7059
A96: Net Property, Plant & Equipment | B96: 6273 | C96: 7611 | D96: 10660 | E96: 12527 | F96: 14020
A97: Property, Plant & Equipment - Gross | B97: 10754 | C97: 12446 | D97: 16170 | E97: 18358 | F97: -
A98: Buildings | B98: 4766 | C98: 5073 | D98: 6762 | E98: 7940 | F98: -
A99: Land & Improvements | B99: 411 | C99: 598 | D99: 830 | E99: 771 | F99: 185
A100: Machinery & Equipment | B100: 4228 | C100: 4432 | D100: 5291 | E100: 6084 | F100: -
A101: Construction in Progress | B101: 513 | C101: 1606 | D101: 2472 | E101: 3066 | F101: -
A102: Leases | B102: 51 | C102: 51 | D102: 25 | E102: 25 | F102: -
A103: Transportation Equipment | B103: - | C103: - | D103: 791 | E103: 471 | F103: -
A104: Other Property, Plant & Equipment | B104: 785 | C104: 685 | D104: - | E104: - | F104: -
A105: Accumulated Depreciation | B105: 4481 | C105: 4835 | D105: 5510 | E105: 5830 | F105: -
A106: Buildings | B106: 1348 | C106: 1428 | D106: 1642 | E106: 1769 | F106: -
A107: Machinery & Equipment | B107: 3079 | C107: 3328 | D107: 3727 | E107: 3976 | F107: -
A108: Transportation Equipment | B108: - | C108: - | D108: 135 | E108: 78 | F108: -
A109: Other Property, Plant & Equipment | B109: 42 | C109: 68 | D109: - | E109: - | F109: -
A110: Total Investments and Advances | B110: 3337 | C110: 3448 | D110: 2643 | E110: 3966 | F110: 2324
A111: Other Long-Term Investments | B111: 3337 | C111: 3448 | D111: 2643 | E111: 3966 | F111: 2324
A112: Long-Term Note Receivable | B112: 252 | C112: 2 | D112: 2 | E112: 2 | F112: -
A113: Intangible Assets | B113: 4387 | C113: 4482 | D113: 5367 | E113: 5036 | F113: 4654
A114: Net Goodwill | B114: 447 | C114: 454 | D114: 571 | E114: 469 | F114: -
A115: Net Other Intangibles | B115: 3940 | C115: 4028 | D115: 4796 | E115: 4568 | F115: -
A116: Other Assets | B116: 11 | C116: 73 | D116: 71 | E116: 112 | F116: 1872
A117: Deferred Charges | B117: 11 | C117: 73 | D117: 71 | E117: 112 | F117: -
A118: Tangible Other Assets | B118: - | C118: - | D118: - | E118: - | F118: 1872
A119: Total Assets | B119: 19897 | C119: 20845 | D119: 27570 | E119: 27958 | F119: 29968
A120: Assets - Total - Growth | B120: - | C120: 0.0476 | D120: 0.3227 | E120: 0.0141 | F120: 0.0719
A121: Asset Turnover | B121: - | C121: - | D121: - | E121: - | F121: 0.32
...

Sheet Analysis (2017)
B2: Share Price Performance | P2: 2015-2018
Z3: Share Price | AB3: 95% C.I
L4: Share Price | N4: Volume | Y4: Average | Z4: =AVERAGE('Hard Input'!$N$656:$N$1539) -> 4.7808627 | AB4: =$Z$4-(1.96*$Z$8/(883)^(1/2)) -> 4.7418433
K5: Average | L5: =AVERAGE('Hard Input'!N7:N1539) -> 4.4359965 | N5: =AVERAGE('Hard Input'!$O$7:$O$1539) -> 4907227.2 | Y5: Median | Z5: =MEDIAN('Hard Input'!$N$656:$N$1539) -> 4.595 | AB5: =$Z$4+(1.96*$Z$8/(883)^(1/2)) -> 4.8198822
K6: Median | L6: =MEDIAN('Hard Input'!N7:N1539) -> 4.3 | N6: =MEDIAN('Hard Input'!$O$7:$O$1539) -> 4105350 | Y6: Min | Z6: =MIN('Hard Input'!$N$656:$N$1539) -> 3.79
K7: Min | L7: =MIN('Hard Input'!$N$7:$N$1539) -> 3.28 | N7: =MIN('Hard Input'!$O$7:$O$1539) -> 0 | Y7: Max | Z7: =MAX('Hard Input'!$N$656:$N$1539) -> 6.18
K8: Max | L8: =MAX('Hard Input'!$N$7:$N$1539) -> 6.18 | N8: =MAX('Hard Input'!$O$7:$O$1539) -> 36415100 | Y8: S.Dev | Z8: =_xlfn.STDEV.P('Hard Input'!$N$656:$N$1539) -> 0.59156923
K9: S. Dev | L9: =_xlfn.STDEV.P('Hard Input'!$N$7:$N$1539) -> 0.64188383 | N9: =_xlfn.STDEV.P('Hard Input'!$O$7:$O$1539) -> 3569594.8 | Y9: Range | Z9: =CONCATENATE(ROUND(Z6,2), " - ",ROUND(Z7, 2)) -> 3.79 - 6.18
K10: Range | L10: =CONCATENATE(ROUND(L7,2), " - ",ROUND(L8, 2)) -> 3.28 - 6.18 | N10: =CONCATENATE(ROUND(N7,2), " - ",ROUND(N8, 2)) -> 0 - 36415100
Y11: Total Shareholder Return (without Dividend)
K12: Total Shareholder Return (without dividend) | Y12: From | AA12: Returns | AB12: Average
K13: From | L13: Returns | M13: Average | Y13: 2015-2016 | AA13: ='Hard Input'!N901/'Hard Input'!N656 - 1 -> 0.081481481 | AB13: =AVERAGE('Hard Input'!N901:'Hard Input'!N656) -> 4.1849593
K14: 2012-2013 | L14: ='Hard Input'!N162/'Hard Input'!N7 - 1 -> 0.011396011 | M14: =AVERAGE('Hard Input'!N162:'Hard Input'!N7) -> 3.5284615 | Y14: 2016-2017 | AA14: ='Hard Input'!N1151/'Hard Input'!N902 - 1 -> 0.09569378 | AB14: =AVERAGE('Hard Input'!N1151:'Hard Input'!N902) -> 4.4658
K15: 2013-2014 | L15: ='Hard Input'!N408/'Hard Input'!N163 - 1 -> 0.22969188 | M15: =AVERAGE('Hard Input'!N408:'Hard Input'!N163) -> 3.9773171 | Y15: 2017-2018 | AA15: ='Hard Input'!N1393/'Hard Input'!N1152 - 1 -> 0.26200873 | AB15: =AVERAGE('Hard Input'!N1393:'Hard Input'!N1152) -> 5.4848044
K16: 2014-2015 | L16: ='Hard Input'!N655/'Hard Input'!N409 - 1 -> -0.073394495 | M16: =AVERAGE('Hard Input'!N655:'Hard Input'!N409) -> 4.2317409 | Y16: 2018-Present | AA16: ='Hard Input'!N1539/'Hard Input'!N1152 - 1 -> 0.12008734 | AB16: =AVERAGE('Hard Input'!N1539:'Hard Input'!N1152) -> 5.3616821
K17: 2015-2016 | L17: ='Hard Input'!N901/'Hard Input'!N656 - 1 -> 0.081481481 | M17: =AVERAGE('Hard Input'!N901:'Hard Input'!N656) -> 4.1849593
K18: 2016-2017 | L18: ='Hard Input'!N1151/'Hard Input'!N902 - 1 -> 0.09569378 | M18: =AVERAGE('Hard Input'!N1151:'Hard Input'!N902) -> 4.4658 | Y18: CAGR
K19: 2017-2018 | L19: ='Hard Input'!N1393/'Hard Input'!N1152 - 1 -> 0.26200873 | M19: =AVERAGE('Hard Input'!N1393:'Hard Input'!N1152) -> 5.4848044 | Y19: 2015 - Present | AA19: =('Hard Input'!N1539/'Hard Input'!N656)^(1/4) - 1 -> 0.060878347
K21: 2013-Present | L21: ='Hard Input'!N1539/'Hard Input'!N163 - 1 -> 0.43697479
K23: CAGR
K24: From
K25: 2013 | L25: 2018 | N25: =('Hard Input'!N1539/'Hard Input'!N163)^(1/(L25-K25)) - 1 -> 0.075201421
B28: Dividend History
C30: Share Price | D30: Dividend | E30: Div Yield | H30: Average | I30: =AVERAGE(E31:E35) -> 0.028730513
B31: ='Hard Input'!I7 -> 41045 | C31: ='Hard Input'!N7 -> 3.51 | D31: ='Hard Input'!AC8 -> 0.09 | E31: =D31/C31 -> 0.025641026 | H31: Median | I31: =MEDIAN(E31:E35) -> 0.025210084
B32: ='Hard Input'!I163 -> 41276 | C32: ='Hard Input'!N163 -> 3.57 | D32: ='Hard Input'!AD8 -> 0.09 | E32: =D32/C32 -> 0.025210084 | H32: Min | I32: =MIN(E31:E35) -> 0.016055046
B33: ='Hard Input'!I409 -> 41641 | C33: ='Hard Input'!N409 -> 4.36 | D33: ='Hard Input'!AE8 -> 0.07 | E33: =D33/C33 -> 0.016055046 | H33: Max | I33: =MAX(E31:E35) -> 0.06
B34: ='Hard Input'!I656 -> 42006 | C34: 1 | D34: ='Hard Input'!AF8 -> 0.06 | E34: =D34/C34 -> 0.06 | H34: Std Dev | I34: =_xlfn.STDEV.P(E31:E35) -> 0.016149336
B35: ='Hard Input'!I902 -> 42373 | C35: ='Hard Input'!N902 -> 4.18 | D35: ='Hard Input'!AG8 -> 0.07 | E35: =D35/C35 -> 0.016746411
B38: Year | C38: 2012 | D38: 2013 | E38: 2014 | F38: 2015 | H38: 2016
B39: Dividend Yield | C39: =E31 -> 0.025641026 | D39: =E32 -> 0.025210084 | E39: =E33 -> 0.016055046 | F39: =E34 -> 0.06 | H39: =E35 -> 0.016746411
B46: Financials
B48: P&L Analysis | I48: Without Other Income Portion
C49: 2013 | D49: =C49+1 -> 2014 | E49: =D49+1 -> 2015 | F49: =E49+1 -> 2016 | G49: 2017 | I49: 2013 | J49: =I49+1 -> 2014 | K49: =J49+1 -> 2015 | L49: =K49+1 -> 2016 | M49: 2017 | N49: Average
B50: Revenue + Other Income | C50: =SUM(C51:C52) -> 8264 | D50: =SUM(D51:D52) -> 8288 | E50: =SUM(E51:E52) -> 8681 | F50: =SUM(F51:F52) -> 10593 | G50: =SUM(G51:G52) -> 9570 | I50: =I51 -> 8328 | J50: =J51 -> 8229 | K50: =K51 -> 8396 | L50: =L51 -> 8932 | M50: =M51 -> 9329
B51: Revenue | C51: ='Hard Input (2017)'!B5 -> 8328 | D51: ='Hard Input (2017)'!C5 -> 8229 | E51: ='Hard Input (2017)'!D5 -> 8396 | F51: ='Hard Input (2017)'!E5 -> 8932 | G51: ='Hard Input (2017)'!F5 -> 9329 | I51: =C51 -> 8328 | J51: =D51 -> 8229 | K51: =E51 -> 8396 | L51: =F51 -> 8932 | M51: =G51 -> 9329
B52: Other Income | C52: =SUM('Hard Input (2017)'!B27:B29) -> -64 | D52: =SUM('Hard Input (2017)'!C27:C29) -> 59 | E52: =SUM('Hard Input (2017)'!D27:D29) -> 285 | F52: =SUM('Hard Input (2017)'!E27:E29) -> 1661 | G52: =SUM('Hard Input (2017)'!F27:F29) -> 241
B53: Cost of Goods Sold | C53: =-'Hard Input (2017)'!B9 -> -4975 | D53: =-'Hard Input (2017)'!C9 -> -5216 | E53: =-'Hard Input (2017)'!D9 -> -5669 | F53: =-'Hard Input (2017)'!E9 -> -5648 | G53: =-'Hard Input (2017)'!F9 -> -6196 | I53: =C53 -> -4975 | J53: =D53 -> -5216 | K53: =E53 -> -5669 | L53: =F53 -> -5648 | M53: =G53 -> -6196
B54: Gross Profit | C54: =SUM(C51:C53) -> 3289 | D54: =SUM(D51:D53) -> 3072 | E54: =SUM(E51:E53) -> 3012 | F54: =SUM(F51:F53) -> 4945 | G54: =SUM(G51:G53) -> 3374 | I54: =SUM(I51:I53) -> 3353 | J54: =SUM(J51:J53) -> 3013 | K54: =SUM(K51:K53) -> 2727 | L54: =SUM(L51:L53) -> 3284 | M54: =SUM(M51:M53) -> 3133
B55: SGA Expense | C55: =-'Hard Input (2017)'!B18 -> -845 | D55: =-'Hard Input (2017)'!C18 -> -758 | E55: =-'Hard Input (2017)'!D18 -> -747 | F55: =-'Hard Input (2017)'!E18 -> -981 | G55: =-'Hard Input (2017)'!F18 -> -1130 | I55: =C55 -> -845 | J55: =D55 -> -758 | K55: =E55 -> -747 | L55: =F55 -> -981 | M55: =G55 -> -1130
B56: Other Op Expense | C56: ='Hard Input (2017)'!B22 -> - | D56: ='Hard Input (2017)'!C22 -> - | E56: ='Hard Input (2017)'!D22 -> - | F56: ='Hard Input (2017)'!E22 -> - | G56: =-'Hard Input (2017)'!F22 -> 192 | I56: =C56 -> - | J56: =D56 -> - | K56: =E56 -> - | L56: =F56 -> - | M56: =G56 -> 192
B57: EBITDA | C57: =SUM(C54:C56) -> 2444 | D57: =SUM(D54:D56) -> 2314 | E57: =SUM(E54:E56) -> 2265 | F57: =SUM(F54:F56) -> 3964 | G57: =SUM(G54:G56) -> 2436 | I57: =SUM(I54:I56) -> 2508 | J57: =SUM(J54:J56) -> 2255 | K57: =SUM(K54:K56) -> 1980 | L57: =SUM(L54:L56) -> 2303 | M57: =SUM(M54:M56) -> 2195
B58: Extraordinary Credit
B59: Extraordinary Charge
B60: Depreciation | C60: =-'Hard Input (2017)'!B11 -> -478 | D60: =-'Hard Input (2017)'!C11 -> -529 | E60: =-'Hard Input (2017)'!D11 -> -588 | F60: =-'Hard Input (2017)'!E11 -> -681 | G60: =-'Hard Input (2017)'!F10 -> -940 | I60: =C60 -> -478 | J60: =D60 -> -529 | K60: =E60 -> -588 | L60: =F60 -> -681 | M60: =G60 -> -940
B61: Amortization | C61: =-'Hard Input (2017)'!B12 -> -75 | D61: =-'Hard Input (2017)'!C12 -> -79 | E61: =-'Hard Input (2017)'!D12 -> -96 | F61: =-'Hard Input (2017)'!E12 -> -120 | G61: 0 | I61: =C61 -> -75 | J61: =D61 -> -79 | K61: =E61 -> -96 | L61: =F61 -> -120 | M61: =G61 -> 0
B62: EBIT | C62: =SUM(C57:C61) -> 1891 | D62: =SUM(D57:D61) -> 1706 | E62: =SUM(E57:E61) -> 1581 | F62: =SUM(F57:F61) -> 3163 | G62: =SUM(G57:G61) -> 1496 | I62: =SUM(I57:I61) -> 1955 | J62: =SUM(J57:J61) -> 1647 | K62: =SUM(K57:K61) -> 1296 | L62: =SUM(L57:L61) -> 1502 | M62: =SUM(M57:M61) -> 1255
B63: Unusual Expense | C63: =-'Hard Input (2017)'!B25 -> -78 | D63: =-'Hard Input (2017)'!C25 -> -148 | E63: =-'Hard Input (2017)'!D25 -> -14 | F63: =-'Hard Input (2017)'!E25 -> 20 | G63: =-'Hard Input (2017)'!F25 -> -63 | I63: =C63 -> -78 | J63: =D63 -> -148 | K63: =E63 -> -14 | L63: =F63 -> 20 | M63: =G63 -> -63
B64: Interest Expense | C64: =-'Hard Input (2017)'!B30 -> -34 | D64: =-'Hard Input (2017)'!C30 -> -35 | E64: =-'Hard Input (2017)'!D30 -> -36 | F64: =-'Hard Input (2017)'!E30 -> -92 | G64: =-'Hard Input (2017)'!F30 -> -115 | I64: =C64 -> -34 | J64: =D64 -> -35 | K64: =E64 -> -36 | L64: =F64 -> -92 | M64: =G64 -> -115
B65: EBT | C65: =SUM(C62:C64) -> 1779 | D65: =SUM(D62:D64) -> 1523 | E65: =SUM(E62:E64) -> 1531 | F65: =SUM(F62:F64) -> 3091 | G65: =SUM(G62:G64) -> 1318 | I65: =SUM(I62:I64) -> 1843 | J65: =SUM(J62:J64) -> 1464 | K65: =SUM(K62:K64) -> 1246 | L65: =SUM(L62:L64) -> 1430 | M65: =SUM(M62:M64) -> 1077
B66: Income Taxes | C66: =-'Hard Input (2017)'!B38 -> -182 | D66: =-'Hard Input (2017)'!C38 -> -384 | E66: =-'Hard Input (2017)'!D38 -> -287 | F66: =-'Hard Input (2017)'!E38 -> -290 | G66: =-'Hard Input (2017)'!F38 -> -247 | I66: =C66 -> -182 | J66: =D66 -> -384 | K66: =E66 -> -287 | L66: =F66 -> -290 | M66: =G66 -> -247
B67: Equity Earnings | C67: ='Hard Input (2017)'!B44 -> -13 | D67: ='Hard Input (2017)'!C44 -> - | E67: ='Hard Input (2017)'!D44 -> - | F67: ='Hard Input (2017)'!E44 -> - | G67: ='Hard Input (2017)'!F44 -> - | I67: =C67 -> -13 | J67: =D67 -> - | K67: =E67 -> - | L67: =F67 -> - | M67: =G67 -> -
B68: Net Income | C68: =SUM(C65:C67) -> 1584 | D68: =SUM(D65:D67) -> 1139 | E68: =SUM(E65:E67) -> 1244 | F68: =SUM(F65:F67) -> 2801 | G68: =SUM(G65:G67) -> 1071 | I68: =SUM(I65:I67) -> 1648 | J68: =SUM(J65:J67) -> 1080 | K68: =SUM(K65:K67) -> 959 | L68: =SUM(L65:L67) -> 1140 | M68: =SUM(M65:M67) -> 830
B69: Minority Interest | C69: =-'Hard Input (2017)'!B47 -> 19 | D69: =-'Hard Input (2017)'!C47 -> 48 | E69: =-'Hard Input (2017)'!D47 -> 15 | F69: =-'Hard Input (2017)'!E47 -> 79 | G69: =-'Hard Input (2017)'!F47 -> 89 | I69: =C69 -> 19 | J69: =D69 -> 48 | K69: =E69 -> 15 | L69: =F69 -> 79 | M69: =G69 -> 89
B70: Net Income (w/o MI) | C70: =SUM(C68:C69) -> 1603 | D70: =SUM(D68:D69) -> 1187 | E70: =SUM(E68:E69) -> 1259 | F70: =SUM(F68:F69) -> 2880 | G70: =SUM(G68:G69) -> 1160 | I70: =SUM(I68:I69) -> 1667 | J70: =SUM(J68:J69) -> 1128 | K70: =SUM(K68:K69) -> 974 | L70: =SUM(L68:L69) -> 1219 | M70: =SUM(M68:M69) -> 919
B72: Total Operating Cost | C72: =SUM(C53,C55,C56) -> -5820 | D72: =SUM(D53,D55,D56) -> -5974 | E72: =SUM(E53,E55,E56) -> -6416 | F72: =SUM(F53,F55,F56) -> -6629 | G72: =SUM(G53,G55,G56) -> -7134 | I72: =SUM(I53,I55,I56) -> -5820 | J72: =SUM(J53,J55,J56) -> -5974 | K72: =SUM(K53,K55,K56) -> -6416 | L72: =SUM(L53,L55,L56) -> -6629 | M72: =SUM(M53,M55,M56) -> -7134
B74: Revenue + Other Income | C74: =C50 -> 8264 | D74: =D50 -> 8288 | E74: =E50 -> 8681 | F74: =F50 -> 10593 | G74: =G50 -> 9570 | I74: =I50 -> 8328 | J74: =J50 -> 8229 | K74: =K50 -> 8396 | L74: =L50 -> 8932 | M74: =M50 -> 9329
B75: Revenue | C75: =C51 -> 8328 | D75: =D51 -> 8229 | E75: =E51 -> 8396 | F75: =F51 -> 8932 | G75: =G51 -> 9329 | I75: =I51 -> 8328 | J75: =J51 -> 8229 | K75: =K51 -> 8396 | L75: =L51 -> 8932 | M75: =M51 -> 9329 | AO75: 2013 | AP75: 2014 | AQ75: 2015 | AR75: 2016 | AS75: 2017
B76: Other Income | C76: =C52 -> -64 | D76: =D52 -> 59 | E76: =E52 -> 285 | F76: =F52 -> 1661 | G76: =G52 -> 241 | I76: =I52 -> 0 | J76: =J52 -> 0 | K76: =K52 -> 0 | L76: =L52 -> 0 | M76: =M52 -> 0 | AN76: COGS | AO76: =-I53 -> 4975 | AP76: =-J53 -> 5216 | AQ76: =-K53 -> 5669 | AR76: =-L53 -> 5648 | AS76: =-M53 -> 6196
B77: Other Income Margin (%) | C77: =C76/C74 -> -0.0077444337 | D77: =D76/D74 -> 0.0071187259 | E77: =E76/E74 -> 0.032830319 | F77: =F76/F74 -> 0.15680166 | G77: =G76/G74 -> 0.025182863 | I77: =I76/I74 -> 0 | J77: =J76/J74 -> 0 | K77: =K76/K74 -> 0 | L77: =L76/L74 -> 0 | M77: =M76/M74 -> 0 | AN77: SGA | AO77: =-I55 -> 845 | AP77: =-J55 -> 758 | AQ77: =-K55 -> 747 | AR77: =-L55 -> 981 | AS77: =-M55 -> 1130
AN78: Total Op | AO78: =SUM(AO76:AO77) -> 5820 | AP78: =SUM(AP76:AP77) -> 5974 | AQ78: =SUM(AQ76:AQ77) -> 6416 | AR78: =SUM(AR76:AR77) -> 6629 | AS78: =SUM(AS76:AS77) -> 7326
B79: Margin to Revenue + Other Income (%) | N79: Average | AN79: EBITDA | AO79: =I57 -> 2508 | AP79: =J57 -> 2255 | AQ79: =K57 -> 1980 | AR79: =L57 -> 2303 | AS79: =M57 -> 2195
B80: Gross Profit | C80: =C54/C50 -> 0.39799129 | D80: =D54/D50 -> 0.37065637 | E80: =E54/E50 -> 0.34696464 | F80: =F54/F50 -> 0.46681771 | G80: =G54/G50 -> 0.35256008 | I80: =I54/I50 -> 0.40261768 | J80: =J54/J50 -> 0.36614412 | K80: =K54/K50 -> 0.32479752 | L80: =L54/L50 -> 0.36766682 | M80: =M54/M50 -> 0.33583449 | N80: =AVERAGE(I80:M80) -> 0.35941213
B81: EBITDA | C81: =C57/C50 -> 0.29574056 | D81: =D57/D50 -> 0.27919884 | E81: =E57/E50 -> 0.26091464 | F81: =F57/F50 -> 0.37420938 | G81: =G57/G50 -> 0.25454545 | I81: =I57/I50 -> 0.30115274 | J81: =J57/J50 -> 0.27403087 | K81: =K57/K50 -> 0.23582658 | L81: =L57/L50 -> 0.25783699 | M81: =M57/M50 -> 0.23528781 | N81: =AVERAGE(I81:M81) -> 0.260827 | AN81: Margin
B82: EBIT | C82: =C62/C50 -> 0.22882381 | D82: =D62/D50 -> 0.20583977 | E82: =E62/E50 -> 0.18212188 | F82: =F62/F50 -> 0.29859341 | G82: =G62/G50 -> 0.15632184 | I82: =I62/I50 -> 0.23475024 | J82: =J62/J50 -> 0.20014583 | K82: =K62/K50 -> 0.15435922 | L82: =L62/L50 -> 0.16815943 | M82: =M62/M50 -> 0.13452674 | N82: =AVERAGE(I82:M82) -> 0.17838829 | AN82: COGS | AO82: =I87 -> 0.59738232 | AP82: =J87 -> 0.63385588 | AQ82: =K87 -> 0.67520248 | AR82: =L87 -> 0.63233318 | AS82: =M87 -> 0.66416551
B83: EBT | C83: =C65/C50 -> 0.21527106 | D83: =D65/D50 -> 0.18375965 | E83: =E65/E50 -> 0.17636217 | F83: =F65/F50 -> 0.29179647 | G83: =G65/G50 -> 0.13772205 | I83: =I65/I50 -> 0.22130163 | J83: =J65/J50 -> 0.1779074 | K83: =K65/K50 -> 0.148404 | L83: =L65/L50 -> 0.16009852 | M83: =M65/M50 -> 0.11544646 | N83: =AVERAGE(I83:M83) -> 0.1646316 | AN83: SGA | AO83: =I88 -> 0.10146494 | AP83: =J88 -> 0.092113258 | AQ83: =K88 -> 0.088970939 | AR83: =L88 -> 0.10982983 | AS83: =M88 -> 0.12112767
B84: Net Income | C84: =C68/C50 -> 0.19167473 | D84: =D68/D50 -> 0.13742761 | E84: =E68/E50 -> 0.14330146 | F84: =F68/F50 -> 0.2644199 | G84: =G68/G50 -> 0.11191223 | I84: =I68/I50 -> 0.19788665 | J84: =J68/J50 -> 0.13124316 | K84: =K68/K50 -> 0.11422106 | L84: =L68/L50 -> 0.12763099 | M84: =M68/M50 -> 0.088969879 | N84: =AVERAGE(I84:M84) -> 0.13199035 | AN84: Total Op | AO84: =SUM(AO82:AO83) -> 0.69884726 | AP84: =SUM(AP82:AP83) -> 0.72596913 | AQ84: =SUM(AQ82:AQ83) -> 0.76417342 | AR84: =SUM(AR82:AR83) -> 0.74216301 | AS84: =SUM(AS82:AS83) -> 0.78529317
B85: Net Income (after MI) | C85: =C70/C50 -> 0.19397386 | D85: =D70/D50 -> 0.14321911 | E85: =E70/E50 -> 0.14502937 | F85: =F70/F50 -> 0.27187766 | G85: =G70/G50 -> 0.12121212 | I85: =I70/I50 -> 0.20016811 | J85: =J70/J50 -> 0.13707619 | K85: =K70/K50 -> 0.11600762 | L85: =L70/L50 -> 0.13647559 | M85: =M70/M50 -> 0.098510023 | N85: =AVERAGE(I85:M85) -> 0.13764751 | AN85: EBITDA | AO85: =I81 -> 0.30115274 | AP85: =J81 -> 0.27403087 | AQ85: =K81 -> 0.23582658 | AR85: =L81 -> 0.25783699 | AS85: =M81 -> 0.23528781
B87: COGS | C87: =-C53/C50 -> 0.60200871 | D87: =-D53/D50 -> 0.62934363 | E87: =-E53/E50 -> 0.65303536 | F87: =-F53/F50 -> 0.53318229 | G87: =-G53/G50 -> 0.64743992 | I87: =-I53/I50 -> 0.59738232 | J87: =-J53/J50 -> 0.63385588 | K87: =-K53/K50 -> 0.67520248 | L87: =-L53/L50 -> 0.63233318 | M87: =-M53/M50 -> 0.66416551 | N87: =AVERAGE(I87:M87) -> 0.64058787 | AN87: Revenue | AO87: =I50 -> 8328 | AP87: =J50 -> 8229 | AQ87: =K50 -> 8396 | AR87: =L50 -> 8932 | AS87: =M50 -> 9329
B88: SGA | C88: =-C55/C50 -> 0.10225073 | D88: =-D55/D50 -> 0.091457529 | E88: =-E55/E50 -> 0.086049994 | F88: =-F55/F50 -> 0.092608326 | G88: =-G55/G50 -> 0.11807732 | I88: =-I55/I50 -> 0.10146494 | J88: =-J55/J50 -> 0.092113258 | K88: =-K55/K50 -> 0.088970939 | L88: =-L55/L50 -> 0.10982983 | M88: =-M55/M50 -> 0.12112767 | N88: =AVERAGE(I88:M88) -> 0.10270133
B89: Other Op Expense | C89: =-C56/C50 -> #VALUE! | D89: =-D56/D50 -> #VALUE! | E89: =-E56/E50 -> #VALUE! | F89: =-F56/F50 -> #VALUE! | G89: =-G56/G50 -> -0.020062696 | I89: =-I56/I50 -> #VALUE! | J89: =-J56/J50 -> #VALUE! | K89: =-K56/K50 -> #VALUE! | L89: =-L56/L50 -> #VALUE! | M89: =-M56/M50 -> -0.020580984 | N89: =AVERAGE(I89:M89) -> #VALUE!
B90: Total Op Cost | C90: =C72/C50 -> -0.70425944 | D90: =D72/D50 -> -0.72080116 | E90: =E72/E50 -> -0.73908536 | F90: =F72/F50 -> -0.62579062 | G90: =G72/G50 -> -0.74545455 | I90: =I72/I50 -> -0.69884726 | J90: =J72/J50 -> -0.72596913 | K90: =K72/K50 -> -0.76417342 | L90: =L72/L50 -> -0.74216301 | M90: =M72/M50 -> -0.76471219 | N90: =AVERAGE(I90:M90) -> -0.739173
B92: Margin to Total Op Cost (%)
B93: COGS | C93: =-C53/C72 -> -0.854811 | D93: =-D53/D72 -> -0.87311684 | E93: =-E53/E72 -> -0.88357232 | F93: =-F53/F72 -> -0.85201388 | G93: =-G53/G72 -> -0.86851696 | I93: =-I53/I72 -> -0.854811 | J93: =-J53/J72 -> -0.87311684 | K93: =-K53/K72 -> -0.88357232 | L93: =-L53/L72 -> -0.85201388 | M93: =-M53/M72 -> -0.86851696 | N93: =AVERAGE(I93:M93) -> -0.8664062
B94: SGA | C94: =-C55/C72 -> -0.145189 | D94: =-D55/D72 -> -0.12688316 | E94: =-E55/E72 -> -0.11642768 | F94: =-F55/F72 -> -0.14798612 | G94: =-G55/G72 -> -0.15839641 | I94: =-I55/I72 -> -0.145189 | J94: =-J55/J72 -> -0.12688316 | K94: =-K55/K72 -> -0.11642768 | L94: =-L55/L72 -> -0.14798612 | M94: =-M55/M72 -> -0.15839641 | N94: =AVERAGE(I94:M94) -> -0.13897648
B95: Other Op Expense | C95: =-C56/C72 -> #VALUE! | D95: =-D56/D72 -> #VALUE! | E95: =-E56/E72 -> #VALUE! | F95: =-F56/F72 -> #VALUE! | G95: =-G56/G72 -> 0.026913373 | I95: =-I56/I72 -> #VALUE! | J95: =-J56/J72 -> #VALUE! | K95: =-K56/K72 -> #VALUE! | L95: =-L56/L72 -> #VALUE! | M95: =-M56/M72 -> 0.026913373
B97: Growth (%)
B98: Revenue | D98: =D51/C51 - 1 -> -0.011887608 | E98: =E51/D51 - 1 -> 0.020294082 | F98: =F51/E51 - 1 -> 0.063839924 | G98: =G51/F51 - 1 -> 0.044446932 | J98: =J50/I50 - 1 -> -0.011887608 | K98: =K50/J50 - 1 -> 0.020294082 | L98: =L50/K50 - 1 -> 0.063839924 | M98: =M50/L50 - 1 -> 0.044446932
B99: EBITDA | D99: =J57/I57 - 1 -> -0.10087719 | E99: =K57/J57 - 1 -> -0.12195122 | F99: =L57/K57 - 1 -> 0.16313131 | G99: =M57/L57 - 1 -> -0.046895354 | J99: =J57/I57 - 1 -> -0.10087719 | K99: =K57/J57 - 1 -> -0.12195122 | L99: =L57/K57 - 1 -> 0.16313131 | M99: =M57/L57 - 1 -> -0.046895354
B100: COGS | D100: =D53/C53 - 1 -> 0.048442211 | E100: =E53/D53 - 1 -> 0.08684816 | F100: =F53/E53 - 1 -> -0.003704357 | G100: =G53/F53 - 1 -> 0.097025496 | J100: =J53/I53 - 1 -> 0.048442211 | K100: =K53/J53 - 1 -> 0.08684816 | L100: =L53/K53 - 1 -> -0.003704357 | M100: =M53/L53 - 1 -> 0.097025496
B101: SGA Expense | D101: =D55/C55 - 1 -> -0.10295858 | E101: =E55/D55 - 1 -> -0.014511873 | F101: =F55/E55 - 1 -> 0.31325301 | G101: =G55/F55 - 1 -> 0.15188583 | J101: =J55/I55 - 1 -> -0.10295858 | K101: =K55/J55 - 1 -> -0.014511873 | L101: =L55/K55 - 1 -> 0.31325301 | M101: =M55/L55 - 1 -> 0.15188583
B102: Other Op Expense | D102: =D56/C56 - 1 -> #VALUE! | E102: =E56/D56 - 1 -> #VALUE! | F102: =F56/E56 - 1 -> #VALUE! | G102: =G56/F56 - 1 -> #VALUE! | J102: =J56/I56 - 1 -> #VALUE! | K102: =K56/J56 - 1 -> #VALUE! | L102: =L56/K56 - 1 -> #VALUE! | M102: =M56/L56 - 1 -> #VALUE!
B103: Total Op Expense | D103: =D72/C72 - 1 -> 0.026460481 | E103: =E72/D72 - 1 -> 0.073987278 | F103: =F72/E72 - 1 -> 0.033198254 | G103: =G72/F72 - 1 -> 0.076180419 | J103: =J72/I72 - 1 -> 0.026460481 | K103: =K72/J72 - 1 -> 0.073987278 | L103: =L72/K72 - 1 -> 0.033198254 | M103: =M72/L72 - 1 -> 0.076180419
B104: Net Income | D104: =D68/C68 - 1 -> -0.28093434 | E104: =E68/D68 - 1 -> 0.092186128 | F104: =F68/E68 - 1 -> 1.2516077 | G104: =G68/F68 - 1 -> -0.61763656 | J104: =J68/I68 - 1 -> -0.34466019 | K104: =K68/J68 - 1 -> -0.11203704 | L104: =L68/K68 - 1 -> 0.18873827 | M104: =M68/L68 - 1 -> -0.27192982
B105: Net Income (After MI) | D105: =D70/C70 - 1 -> -0.25951341 | E105: =E70/D70 - 1 -> 0.060657119 | F105: =F70/E70 - 1 -> 1.2875298 | G105: =G70/F70 - 1 -> -0.59722222 | J105: =J70/I70 - 1 -> -0.32333533 | K105: =K70/J70 - 1 -> -0.13652482 | L105: =L70/K70 - 1 -> 0.25154004 | M105: =M70/L70 - 1 -> -0.24610336
B106: Other Income | D106: =D52/C52 - 1 -> -1.921875 | E106: =E52/D52 - 1 -> 3.8305085 | F106: =F52/E52 - 1 -> 4.8280702 | G106: =G52/F52 - 1 -> -0.85490668 | J106: =J52/I52 - 1 -> #DIV/0! | K106: =K52/J52 - 1 -> #DIV/0! | L106: =L52/K52 - 1 -> #DIV/0! | M106: =M52/L52 - 1 -> #DIV/0!
B108: Cash Flow Analysis
C109: 2013 | D109: =C109+1 -> 2014 | E109: =D109+1 -> 2015 | F109: =E109+1 -> 2016 | G109: 2017
B110: Funds from Operations | C110: ='Hard Input (2017)'!B180 -> 1956 | D110: ='Hard Input (2017)'!C180 -> 1722 | E110: ='Hard Input (2017)'!D180 -> 1849 | F110: ='Hard Input (2017)'!E180 -> 2248 | G110: ='Hard Input (2017)'!F180 -> 1985
B111: Total Working Capital | C111: =SUM(C112:C115) -> 197 | D111: =SUM(D112:D115) -> -81 | E111: =SUM(E112:E115) -> 101 | F111: =SUM(F112:F115) -> 120 | G111: ='Hard Input (2017)'!F181 -> 37
B112: ='Hard Input'!B110 -> Decrease/Increase In Receivables | C112: ='Hard Input (2017)'!B183 -> 6 | D112: ='Hard Input (2017)'!C183 -> -175 | E112: ='Hard Input (2017)'!D183 -> -128 | F112: ='Hard Input (2017)'!E183 -> -59 | G112: ='Hard Input (2017)'!F183 -> -
B113: ='Hard Input'!B111 -> Decrease/Increase In Inventories | C113: ='Hard Input (2017)'!B185 -> -10 | D113: ='Hard Input (2017)'!C185 -> -13 | E113: ='Hard Input (2017)'!D185 -> -20 | F113: ='Hard Input (2017)'!E185 -> -2 | G113: ='Hard Input (2017)'!F185 -> -
B114: ='Hard Input'!B112 -> Increase/Decrease In Accounts Payable | C114: ='Hard Input (2017)'!B187 -> 199 | D114: ='Hard Input (2017)'!C187 -> 159 | E114: ='Hard Input (2017)'!D187 -> 253 | F114: ='Hard Input (2017)'!E187 -> 113 | G114: ='Hard Input (2017)'!F187 -> -
B115: ='Hard Input'!B113 -> Decrease/Increase In Other Assets/Liability | C115: ='Hard Input (2017)'!B188 -> 2 | D115: ='Hard Input (2017)'!C188 -> -52 | E115: ='Hard Input (2017)'!D188 -> -4 | F115: ='Hard Input (2017)'!E188 -> 68 | G115: ='Hard Input (2017)'!F188 -> -
B116: Operational Cash Flow | C116: =SUM(C110:C111) -> 2153 | D116: =SUM(D110:D111) -> 1641 | E116: =SUM(E110:E111) -> 1950 | F116: =SUM(F110:F111) -> 2368 | G116: =SUM(G110:G111) -> 2022
D117: =D116/C116 - 1 -> -0.23780771 | E117: =E116/D116 - 1 -> 0.18829982 | F117: =F116/E116 - 1 -> 0.21435897 | G117: =G116/F116 - 1 -> -0.14611486
B119: Capital Expenditures (Additions To Fixed Assets) | C119: ='Hard Input (2017)'!B197 -> -1440 | D119: ='Hard Input (2017)'!C197 -> -1864 | E119: ='Hard Input (2017)'!D197 -> -2537 | F119: ='Hard Input (2017)'!E197 -> -3125 | G119: ='Hard Input (2017)'!F197 -> -2659
B120: Disposal Of Fixed Assets | C120: ='Hard Input (2017)'!B209 -> 2 | D120: ='Hard Input (2017)'!C209 -> 2 | E120: ='Hard Input (2017)'!D209 -> 34 | F120: ='Hard Input (2017)'!E209 -> 334 | G120: ='Hard Input (2017)'!F209 -> 13
B121: Net Assets From Acquisitions | C121: ='Hard Input (2017)'!B207 -> - | D121: ='Hard Input (2017)'!C207 -> - | E121: ='Hard Input (2017)'!D207 -> -61 | F121: ='Hard Input (2017)'!E207 -> - | G121: ='Hard Input (2017)'!F207 -> -
B122: Purchases/Sales of Investments | C122: ='Hard Input (2017)'!B210 -> -411 | D122: ='Hard Input (2017)'!C210 -> -328 | E122: ='Hard Input (2017)'!D210 -> -142 | F122: ='Hard Input (2017)'!E210 -> 1355 | G122: ='Hard Input (2017)'!F210 -> 259
...

Sheet Valuation
B2: Current Market Valuation | F2: Date | G2: 43322
B4: Price | C4: 5.25 | E4: No of Shares (mil) | G4: 5660
B5: P/E | C5: 24.88
B6: Div Yield | C6: 0.0171
B7: EPS | C7: 0.21
B8: Market Cap (RM m) | C8: =C4*G4 -> 29715
B10: Financial Model
B12: Cost of Equity | C12: 0.1 | E12: Revenue Growth | G12: 0.03 | I12: Cash + ST | J12: ='Analysis (2017)'!G139 -> 6195
B13: Cost of Debt | C13: 0.048 | E13: EBITDA Margin | G13: ='Analysis (2017)'!M81 -> 0.23528781 | I13: Debt | J13: ='Analysis (2017)'!G187 -> 6900
B14: Tax Rate | C14: 0.24 | E14: Net Income Margin | G14: ='Analysis (2017)'!M85 -> 0.098510023
B15: D/(D+E) | C15: ='Analysis (2017)'!G217 -> 0.26300743 | E15: EBIT Margin | G15: ='Analysis (2017)'!M82 -> 0.13452674
B16: WACC | C16: =C12*(1-C15) + C13*(1-C14)*C15 -> 0.083293768 | E16: Terminal Growth | G16: 0.025
B19: Net Working Capital
C21: 2013 | D21: =C21+1 -> 2014 | E21: =D21+1 -> 2015 | F21: =E21+1 -> 2016 | G21: 2017 | H21: Average | I21: Median | K21: 2018 | L21: =K21+1 -> 2019 | M21: =L21+1 -> 2020 | N21: =M21+1 -> 2021
B22: Net Receivables | C22: ='Hard Input'!C12 -> 384 | D22: ='Hard Input'!D12 -> 642 | E22: ='Hard Input'!E12 -> 947 | F22: ='Hard Input'!F12 -> 300
B23: Inventories | C23: ='Hard Input'!C16 -> 88 | D23: ='Hard Input'!D16 -> 100 | E23: ='Hard Input'!E16 -> 120 | F23: ='Hard Input'!F16 -> 98
B24: Payable | C24: ='Hard Input'!C36 -> 415 | D24: ='Hard Input'!D36 -> 431 | E24: ='Hard Input'!E36 -> 503 | F24: ='Hard Input'!F36 -> 442
B26: Net Working Capital | C26: =C24-C22-C23 -> -57 | D26: =D24-D22-D23 -> -311 | E26: =E24-E22-E23 -> -564 | F26: =F24-F22-F23 -> 44 | H26: =AVERAGE(C26:F26) -> -222 | I26: =MEDIAN(C26:F26) -> -184
B28: Depreciation and Amortisation
B29: PPE | C29: ='Analysis (2017)'!C166 -> 6273 | D29: ='Analysis (2017)'!D166 -> 7611 | E29: ='Analysis (2017)'!E166 -> 10660 | F29: ='Analysis (2017)'!F166 -> 12527 | G29: ='Analysis (2017)'!G166 -> 14020 | H29: =AVERAGE(C29:F29) -> 9267.75 | I29: =MEDIAN(C29:F29) -> 9135.5 | K29: =G29+K39-K33 -> 13533.146 | L29: =K29+L39-L33 -> 13077.357 | M29: =L29+M39-M33 -> 12650.65 | N29: =M29+N39-N33 -> 12251.169
B30: Intangibles | C30: ='Hard Input'!C32 -> 4387 | D30: ='Hard Input'!D32 -> 4482 | E30: ='Hard Input'!E32 -> 5367 | F30: ='Hard Input'!F32 -> 5036 | G30: ='Hard Input (2017)'!F113 -> 4654 | H30: =AVERAGE(C30:F30) -> 4818 | I30: =MEDIAN(C30:F30) -> 4759 | K30: =G30-K34 -> 4565.0649 | L30: =K30-L34 -> 4477.8293 | M30: =L30-M34 -> 4392.2607 | N30: =M30-N34 -> 4308.3273
B31: Total PPE + Intangibles | C31: =SUM(C29:C30) -> 10660 | D31: =SUM(D29:D30) -> 12093 | E31: =SUM(E29:E30) -> 16027 | F31: =SUM(F29:F30) -> 17563 | G31: =SUM(G29:G30) -> 18674 | H31: =AVERAGE(C31:F31) -> 14085.75 | I31: =MEDIAN(C31:F31) -> 14060
B33: Depreciation | C33: =-'Analysis (2017)'!C60 -> 478 | D33: =-'Analysis (2017)'!D60 -> 529 | E33: =-'Analysis (2017)'!E60 -> 588 | F33: =-'Analysis (2017)'!F60 -> 681 | G33: =-'Analysis (2017)'!G60 -> 940 | H33: =AVERAGE(C33:F33) -> 569 | I33: =MEDIAN(C33:F33) -> 558.5 | K33: =K36*G29 -> 894.56819 | L33: =K29*L36 -> 863.50371 | M33: =L29*M36 -> 834.42134 | N33: =M29*N36 -> 807.19463
B34: Amortisation | C34: =-'Analysis (2017)'!C61 -> 75 | D34: =-'Analysis (2017)'!D61 -> 79 | E34: =-'Analysis (2017)'!E61 -> 96 | F34: =-'Analysis (2017)'!F61 -> 120 | H34: =AVERAGE(C34:F34) -> 92.5 | I34: =MEDIAN(C34:F34) -> 87.5 | K34: =K37*G30 -> 88.935087 | L34: =K30*L37 -> 87.235592 | M34: =L30*M37 -> 85.568574 | N34: =M30*N37 -> 83.933411
B36: % of Depreciation to PPE | C36: =C33/C29 -> 0.076199586 | D36: =D33/D29 -> 0.069504664 | E36: =E33/E29 -> 0.055159475 | F36: =F33/F29 -> 0.054362577 | G36: =G33/G29 -> 0.067047076 | H36: =AVERAGE(C36:F36) -> 0.063806575 | I36: =MEDIAN(C36:F36) -> 0.062332069 | K36: =H36 -> 0.063806575 | L36: =K36 -> 0.063806575 | M36: =L36 -> 0.063806575 | N36: =M36 -> 0.063806575
B37: % of Amortization to Intangible | C37: =C34/C30 -> 0.017095965 | D37: =D34/D30 -> 0.01762606 | E37: =E34/E30 -> 0.017887088 | F37: =F34/F30 -> 0.023828435 | H37: =AVERAGE(C37:F37) -> 0.019109387 | I37: =MEDIAN(C37:F37) -> 0.017756574 | K37: =H37 -> 0.019109387 | L37: =K37 -> 0.019109387 | M37: =L37 -> 0.019109387 | N37: =M37 -> 0.019109387
B39: CAPEX | C39: ='Analysis (2017)'!C165 -> 1440 | D39: ='Analysis (2017)'!D165 -> 1864 | E39: ='Analysis (2017)'!E165 -> 2537 | F39: ='Analysis (2017)'!F165 -> 3125 | G39: ='Analysis (2017)'!G165 -> 2659 | K39: =C44 -> 407.71429 | L39: =K39 -> 407.71429 | M39: =L39 -> 407.71429 | N39: =M39 -> 407.71429
B41: GITP Commitment | C41: 10380
B42: Capex from 2014-2016 | C42: =SUM(D39:F39) -> 7526 | D42: According to its latest CIMB presentation, they have commited RM7.3bn
B43: Remaining CAPEX | C43: =C41-C42 -> 2854
B44: CAPEX per year (7 years) | C44: =C43/7 -> 407.71429
C47: Actual | H47: Projection
B48: Year | C48: 2013 | D48: =C48+1 -> 2014 | E48: =D48+1 -> 2015 | F48: =E48+1 -> 2016 | G48: 2017 | H48: 2018 | I48: 2019 | J48: 2020 | K48: 2021
B49: Revenue | C49: ='Analysis (2017)'!I50 -> 8328 | D49: ='Analysis (2017)'!J50 -> 8229 | E49: ='Analysis (2017)'!K50 -> 8396 | F49: ='Analysis (2017)'!L50 -> 8932 | G49: ='Analysis (2017)'!M50 -> 9329 | H49: =G49*(1+$G$12) -> 9608.87 | I49: =H49*(1+$G$12) -> 9897.1361 | J49: =I49*(1+$G$12) -> 10194.05 | K49: =J49*(1+$G$12) -> 10499.872
B50: EBIT | C50: ='Analysis (2017)'!I62 -> 1955 | D50: ='Analysis (2017)'!J62 -> 1647 | E50: ='Analysis (2017)'!K62 -> 1296 | F50: ='Analysis (2017)'!L62 -> 1502 | G50: ='Analysis (2017)'!M62 -> 1255 | H50: =H49*H51 -> 1292.65 | I50: =I49*I51 -> 1331.4295 | J50: =J49*J51 -> 1371.3724 | K50: =K49*K51 -> 1412.5136
B51: EBIT Margin | C51: =C50/C49 -> 0.23475024 | D51: =D50/D49 -> 0.20014583 | E51: =E50/E49 -> 0.15435922 | F51: =F50/F49 -> 0.16815943 | G51: =G50/G49 -> 0.13452674 | H51: =G15 -> 0.13452674 | I51: =H51 -> 0.13452674 | J51: =I51 -> 0.13452674 | K51: =J51 -> 0.13452674
B52: ( - ) Tax Expense | H52: =-H50*$C$14 -> -310.236 | I52: =-I50*$C$14 -> -319.54308 | J52: =-J50*$C$14 -> -329.12937 | K52: =-K50*$C$14 -> -339.00325
B53: Unlevered Net Income | H53: =H50+H52 -> 982.414 | I53: =I50+I52 -> 1011.8864 | J53: =J50+J52 -> 1042.243 | K53: =K50+K52 -> 1073.5103
B54: ( + ) Depreciation | H54: =K33 -> 894.56819 | I54: =L33 -> 863.50371 | J54: =M33 -> 834.42134 | K54: =N33 -> 807.19463
B55: Dep % to PPE | H55: =G55 -> 0 | I55: =H55 -> 0 | J55: =I55 -> 0 | K55: =J55 -> 0
B56: ( + ) Amortization | H56: =K34 -> 88.935087 | I56: =L34 -> 87.235592 | J56: =M34 -> 85.568574 | K56: =N34 -> 83.933411
B57: Amor % to Intangible | H57: =G57 -> 0 | I57: =H57 -> 0 | J57: =I57 -> 0 | K57: =J57 -> 0
B58: ( - ) CAPEX | H58: =-K39 -> -407.71429 | I58: =-L39 -> -407.71429 | J58: =-M39 -> -407.71429 | K58: =-N39 -> -407.71429
B59: ( - ) NWC | H59: 0 | I59: 0 | J59: 0 | K59: 0
B60: Unlevered FCF | H60: =H53+SUM(H54,H56,H58,H59) -> 1558.203 | I60: =I53+SUM(I54,I56,I58,I59) -> 1554.9114 | J60: =J53+SUM(J54,J56,J58,J59) -> 1554.5186 | K60: =K53+SUM(K54,K56,K58,K59) -> 1556.9241
B61: Exit Value | K61: =K60/(C16 - G16) -> 26708.242
B63: NPV of FCF | C63: =NPV(C16,H60:J60) -> 3986.1905 | E63: Discount | F63: =(1/(1+C16))^(K48-H48) -> 0.78661327
B64: Exit Valuation (aft discount) | C64: =K61*F63 -> 21009.057
B66: Enterprise Valuation | C66: =C63+C64 -> 24995.248
B67: ( + ) Cash + ST Investment | C67: =J12 -> 6195
B68: ( - ) Debt | C68: =-J13 -> -6900
B69: Equity Valuation | C69: =SUM(C66:C68) -> 24290.248
B71: GTIP Discount | C71: 0.8
B72: ( + ) GTIP Commited CAPEX | C72: =C41*C71 -> 8304
B73: Equity Value | C73: =C69+C72 -> 32594.248
B74: No of Shares (mil) | C74: =G4 -> 5660
B75: Target Share Price | C75: =C73/C74 -> 5.758701
B77: Current EPS | C77: =C7 -> 0.21
B78: Implied P/E | C78: =C75/C77 -> 27.422386
B81: Sensitivity Analysis
E82: EBIT Margin
D83: =C75 -> 5.758701 | E83: 0.05 | F83: 0.07 | G83: 0.09 | H83: 0.11 | I83: 0.13 | J83: 0.15 | K83: 0.17 | L83: 0.19
C84: Revenue Growth | D84: 0.005 | E84: 3.7661569 | F84: 4.1758444 | G84: 4.5855318 | H84: 4.9952192 | I84: 5.4049067 | J84: 5.8145941 | K84: 6.2242815 | L84: 6.633969
D85: 0.01 | E85: 3.7850205 | F85: 4.2022533 | G85: 4.6194862 | H85: 5.036719 | I85: 5.4539519 | J85: 5.8711847 | K85: 6.2884176 | L85: 6.7056504
D86: 0.015 | E86: 3.8041528 | F86: 4.2290386 | G86: 4.6539243 | H86: 5.0788101 | I86: 5.5036959 | J86: 5.9285817 | K86: 6.3534674 | L86: 6.7783532
D87: 0.02 | E87: 3.8235565 | F87: 4.2562037 | G87: 4.688851 | H87: 5.1214982 | I87: 5.5541455 | J87: 5.9867928 | K87: 6.41944 | L87: 6.8520873
D88: 0.025 | E88: 3.8432342 | F88: 4.2837525 | G88: 4.7242709 | H88: 5.1647892 | I88: 5.6053075 | J88: 6.0458259 | K88: 6.4863442 | L88: 6.9268625
D89: 0.03 | E89: 3.8631885 | F89: 4.3116886 | G89: 4.7601886 | H89: 5.2086887 | I89: 5.6571888 | J89: 6.1056888 | K89: 6.5541889 | L89: 7.002689
D90: 0.035 | E90: 3.8834221 | F90: 4.3400156 | G90: 4.7966091 | H90: 5.2532026 | I90: 5.7097961 | J90: 6.1663896 | K90: 6.6229832 | L90: 7.0795767
D91: 0.04 | E91: 3.9039376 | F91: 4.3687374 | G91: 4.8335371 | H91: 5.2983368 | I91: 5.7631365 | J91: 6.2279362 | K91: 6.6927359 | L91: 7.1575357
D92: 0.045 | E92: 3.9247378 | F92: 4.3978575 | G92: 4.8709773 | H92: 5.3440971 | I92: 5.8172168 | J92: 6.2903366 | K92: 6.7634564 | L92: 7.2365761
D93: 0.05 | E93: 3.9458252 | F93: 4.4273799 | G93: 4.9089346 | H93: 5.3904893 | I93: 5.8720441 | J93: 6.3535988 | K93: 6.8351535 | L93: 7.3167082
B95: Analyst | D95: My Target Price
D96: Analyst Target Price

Sheet Comps
C1: Revenue | I1: EBITDA | O1: Net Income | U1: Operational Cash Flow | AA1: Total Borrowing | AG1: Total Common Equity
C2: 2013 | D2: =C2+1 -> 2014 | E2: =D2+1 -> 2015 | F2: =E2+1 -> 2016 | G2: =F2+1 -> 2017 | I2: 2013 | J2: =I2+1 -> 2014 | K2: =J2+1 -> 2015 | L2: =K2+1 -> 2016 | M2: =L2+1 -> 2017 | N2: Avg | O2: 2013 | P2: =O2+1 -> 2014 | Q2: =P2+1 -> 2015 | R2: =Q2+1 -> 2016 | S2: =R2+1 -> 2017 | T2: Avg | U2: 2013 | V2: =U2+1 -> 2014 | W2: =V2+1 -> 2015 | X2: =W2+1 -> 2016 | Y2: =X2+1 -> 2017 | AA2: 2013 | AB2: =AA2+1 -> 2014 | AC2: =AB2+1 -> 2015 | AD2: =AC2+1 -> 2016 | AE2: =AD2+1 -> 2017 | AG2: 2013 | AH2: =AG2+1 -> 2014 | AI2: =AH2+1 -> 2015 | AJ2: =AI2+1 -> 2016 | AK2: =AJ2+1 -> 2017
B3: Las Vegas Sands Corp | C3: 13770 | D3: 14584 | E3: 11688 | F3: 11410 | G3: 12882 | I3: 4488 | J3: 5164 | K3: 3923 | L3: 3813 | M3: 4662 | O3: 2306 | P3: 2841 | Q3: 1966 | R3: 1670 | S3: 2806 | U3: 4439 | V3: 4833 | W3: 3450 | X3: 4043 | Y3: 4543 | AA3: 378 | AB3: 100 | AC3: 95 | AD3: 167 | AE3: 296 | AG3: 7665 | AH3: 7214 | AI3: 6817 | AJ3: 6177 | AK3: 6493
AA4: 9383 | AB4: 9893 | AC4: 9249 | AD4: 9428 | AE4: 9344
B5: Kangwon Land Inc | C5: 1361287 | D5: 1496541 | E5: 1633717 | F5: 1696533 | G5: 1604470 | I5: 463495 | J5: 573353 | K5: 821433 | L5: 690271 | M5: 615048 | O5: 297599 | P5: 359364 | Q5: 441645 | R5: 454590 | S5: 437615 | U5: 424407 | V5: 510413 | W5: 574982 | X5: 596487 | Y5: 463050
B7: Bloomberry Resorts Corp | C7: 12290 | D7: 24037 | E7: 25040 | F7: 30387 | G7: 36651 | I7: 1064 | J7: 9998 | K7: 5105 | L7: 10554 | M7: 12281 | O7: -1315 | P7: 4072 | Q7: -3364 | R7: 2357 | S7: 6071 | U7: 1223 | V7: 6851 | W7: 4734 | X7: 4244 | Y7: 11371 | AA7: 1019 | AB7: 1994 | AC7: 3383 | AD7: 1966 | AE7: 2935 | AG7: 16033 | AH7: 25679 | AI7: 21727 | AJ7: 24107 | AK7: 30256
AA8: 16613 | AB8: 30614 | AC8: 33858 | AD8: 32112 | AE8: 29373
B9: MGM Resorts International | C9: 9810 | D9: 10082 | E9: 9190 | F9: 9455 | G9: 10774 | I9: 2042 | J9: 2116 | K9: 1910 | L9: 2128 | M9: 2573 | O9: -157 | P9: -150 | Q9: -448 | R9: 1101 | S9: 1942 | U9: 1311 | V9: 1131 | W9: 1207 | X9: 2076 | Y9: 2508 | AA9: 1 | AB9: 1250 | AC9: 336 | AD9: 17 | AE9: 158 | AG9: 4231 | AH9: 4091 | AI9: 5120 | AJ9: 6220 | AK9: 7613
AA10: 13448 | AB10: 12922 | AC10: 12377 | AD10: 12984 | AE10: 12751
B11: Galaxy Entertainment Group | C11: 66033 | D11: 71752 | E11: 50991 | F11: 52826 | G11: 62450 | I11: 12096 | J11: 11983 | K11: 7241 | L11: 9594 | M11: 13138 | O11: 10052 | P11: 10340 | Q11: 4161 | R11: 6283 | S11: 10504 | U11: 13788 | V11: 12376 | W11: 6869 | X11: 12864 | Y11: 19144 | AA11: 469 | AB11: 442 | AC11: 727 | AD11: 5614 | AE11: 9691 | AG11: 32441 | AH11: 38369 | AI11: 41101 | AJ11: 46345 | AK11: 55482
AA12: 237 | AB12: 576 | AC12: 671 | AD12: 526 | AE12: 259
B13: Margins | I13: =I3/C3 -> 0.32592593 | J13: =J3/D3 -> 0.35408667 | K13: =K3/E3 -> 0.33564339 | L13: =L3/F3 -> 0.33418054 | M13: =M3/G3 -> 0.36190033 | N13: =AVERAGE(I13:M13) -> 0.34234737 | O13: =O3/C3 -> 0.1674655 | P13: =P3/D3 -> 0.19480252 | Q13: =Q3/E3 -> 0.16820671 | R13: =R3/F3 -> 0.14636284 | S13: =S3/G3 -> 0.21782332 | T13: =AVERAGE(O13:S13) -> 0.17893218 | U13: =U3/C3 -> 0.32236747 | V13: =V3/D3 -> 0.33139057 | W13: =W3/E3 -> 0.29517454 | X13: =X3/F3 -> 0.3543383 | Y13: =Y3/G3 -> 0.35266263 | AA13: =SUM(AA3:AA4)/(SUM(AA3:AA4) + AG3) -> 0.56014002 | AB13: =SUM(AB3:AB4)/(SUM(AB3:AB4) + AH3) -> 0.58075202 | AC13: =SUM(AC3:AC4)/(SUM(AC3:AC4) + AI3) -> 0.57818204 | AD13: =SUM(AD3:AD4)/(SUM(AD3:AD4) + AJ3) -> 0.60835658 | AE13: =SUM(AE3:AE4)/(SUM(AE3:AE4) + AK3) -> 0.59753301 | AF13: =AVERAGE(AA13:AE13) -> 0.58499273
I15: =I5/C5 -> 0.34048294 | J15: =J5/D5 -> 0.38311881 | K15: =K5/E5 -> 0.50280006 | L15: =L5/F5 -> 0.40687154 | M15: =M5/G5 -> 0.38333406 | N15: =AVERAGE(I15:M15) -> 0.40332148 | O15: =O5/C5 -> 0.21861591 | P15: =P5/D5 -> 0.24012974 | Q15: =Q5/E5 -> 0.2703314 | R15: =R5/F5 -> 0.26795235 | S15: =S5/G5 -> 0.27274739 | T15: =AVERAGE(O15:S15) -> 0.25395536 | U15: =U5/C5 -> 0.31176894 | V15: =V5/D5 -> 0.34106182 | W15: =W5/E5 -> 0.35194712 | X15: =X5/F5 -> 0.35159175 | Y15: =Y5/G5 -> 0.28859997
I17: =I7/C7 -> 0.086574451 | J17: =J7/D7 -> 0.41594209 | K17: =K7/E7 -> 0.2038738 | L17: =L7/F7 -> 0.34731958 | M17: =M7/G7 -> 0.33507953 | N17: =AVERAGE(I17:M17) -> 0.27775789 | O17: =O7/C7 -> -0.10699756 | P17: =P7/D7 -> 0.1694055 | Q17: =Q7/E7 -> -0.13434505 | R17: =R7/F7 -> 0.077566064 | S17: =S7/G7 -> 0.1656435 | T17: =AVERAGE(O17:S17) -> 0.034254492 | U17: =U7/C7 -> 0.099511798 | V17: =V7/D7 -> 0.28501893 | W17: =W7/E7 -> 0.18905751 | X17: =X7/F7 -> 0.13966499 | Y17: =Y7/G7 -> 0.31025074 | AA17: =SUM(AA7:AA8)/(SUM(AA7:AA8) + AG7) -> 0.5237487 | AB17: =SUM(AB7:AB8)/(SUM(AB7:AB8) + AH7) -> 0.55943864 | AC17: =SUM(AC7:AC8)/(SUM(AC7:AC8) + AI7) -> 0.63154592 | AD17: =SUM(AD7:AD8)/(SUM(AD7:AD8) + AJ7) -> 0.5856836 | AE17: =SUM(AE7:AE8)/(SUM(AE7:AE8) + AK7) -> 0.51639921 | AF17: =AVERAGE(AA17:AE17) -> 0.56336321
I19: =I9/C9 -> 0.20815494 | J19: =J9/D9 -> 0.20987899 | K19: =K9/E9 -> 0.2078346 | L19: =L9/F9 -> 0.2250661 | M19: =M9/G9 -> 0.23881567 | N19: =AVERAGE(I19:M19) -> 0.21795006 | O19: =O9/C9 -> -0.016004077 | P19: =P9/D9 -> -0.014878 | Q19: =Q9/E9 -> -0.04874864 | R19: =R9/F9 -> 0.11644632 | S19: =S9/G9 -> 0.18024875 | T19: =AVERAGE(O19:S19) -> 0.043412871 | U19: =U9/C9 -> 0.13363914 | V19: =V9/D9 -> 0.11218012 | W19: =W9/E9 -> 0.13133841 | X19: =X9/F9 -> 0.21956637 | Y19: =Y9/G9 -> 0.23278262 | AA19: =SUM(AA9:AA10)/(SUM(AA9:AA10) + AG9) -> 0.76069005 | AB19: =SUM(AB9:AB10)/(SUM(AB9:AB10) + AH9) -> 0.77599518 | AC19: =SUM(AC9:AC10)/(SUM(AC9:AC10) + AI9) -> 0.71289183 | AD19: =SUM(AD9:AD10)/(SUM(AD9:AD10) + AJ9) -> 0.67639561 | AE19: =SUM(AE9:AE10)/(SUM(AE9:AE10) + AK9) -> 0.62903226 | AF19: =AVERAGE(AA19:AE19) -> 0.71100098
I21: =I11/C11 -> 0.18318114 | J21: =J11/D11 -> 0.1670058 | K21: =K11/E11 -> 0.14200545 | L21: =L11/F11 -> 0.18161511 | M21: =M11/G11 -> 0.2103763 | N21: =AVERAGE(I21:M21) -> 0.17683676 | O21: =O11/C11 -> 0.15222692 | P21: =P11/D11 -> 0.14410748 | Q21: =Q11/E11 -> 0.081602636 | R21: =R11/F11 -> 0.11893764 | S21: =S11/G11 -> 0.16819856 | T21: =AVERAGE(O21:S21) -> 0.13301465 | U21: =U11/C11 -> 0.20880469 | V21: =V11/D11 -> 0.172483 | W21: =W11/E11 -> 0.13471005 | X21: =X11/F11 -> 0.24351645 | Y21: =Y11/G11 -> 0.30654924 | AA21: =SUM(AA11:AA12)/(SUM(AA11:AA12) + AG11) -> 0.021299062 | AB21: =SUM(AB11:AB12)/(SUM(AB11:AB12) + AH11) -> 0.025846091 | AC21: =SUM(AC11:AC12)/(SUM(AC11:AC12) + AI11) -> 0.032894892 | AD21: =SUM(AD11:AD12)/(SUM(AD11:AD12) + AJ11) -> 0.11698581 | AE21: =SUM(AE11:AE12)/(SUM(AE11:AE12) + AK11) -> 0.15206627 | AF21: =AVERAGE(AA21:AE21) -> 0.069818423
C24: 2017 | E24: Average
C25: EBITDA | D25: Net Income | E25: EBITDA | F25: Net Income
B26: Genting Malaysia Berhad | C26: ='Analysis (2017)'!M81 -> 0.23528781 | D26: ='Analysis (2017)'!M85 -> 0.098510023 | E26: ='Analysis (2017)'!N81 -> 0.260827 | F26: ='Analysis (2017)'!N85 -> 0.13764751
B27: Comp Average | C27: =AVERAGE(C28:C32) -> 0.30590118 | D27: =AVERAGE(D28:D32) -> 0.2009323 | E27: =AVERAGE(E28:E32) -> 0.28364271 | F27: =AVERAGE(F28:F32) -> 0.12871391
B28: - Las Vegas Sands Corp | C28: =M13 -> 0.36190033 | D28: =S13 -> 0.21782332 | E28: =N13 -> 0.34234737 | F28: =T13 -> 0.17893218
B29: - Kangwon Land Inc | C29: =M15 -> 0.38333406 | D29: =S15 -> 0.27274739 | E29: =N15 -> 0.40332148 | F29: =T15 -> 0.25395536
B30: - Bloomberry Resorts Corp | C30: =M17 -> 0.33507953 | D30: =S17 -> 0.1656435 | E30: =N17 -> 0.27775789 | F30: =T17 -> 0.034254492
B31: - MGM Resorts International | C31: =M19 -> 0.23881567 | D31: =S19 -> 0.18024875 | E31: =N19 -> 0.21795006 | F31: =T19 -> 0.043412871
B32: - Galaxy Entertainment Group | C32: =M21 -> 0.2103763 | D32: =S21 -> 0.16819856 | E32: =N21 -> 0.17683676 | F32: =T21 -> 0.13301465
C34: D/ (D+ E)
C35: 2017 | D35: Average
B36: Genting Malaysia Berhad | C36: ='Analysis (2017)'!G234 -> 0.26300743 | D36: ='Analysis (2017)'!H234 -> 0.16504973
B37: Comp Average | C37: =AVERAGE(C38:C42) -> 0.47375768 | D37: =AVERAGE(D38:D42) -> 0.48229384
B38: - Las Vegas Sands Corp | C38: =AE13 -> 0.59753301 | D38: =AF13 -> 0.58499273
B39: - Kangwon Land Inc | C39: - | D39: -
B40: - Bloomberry Resorts Corp | C40: =AE17 -> 0.51639921 | D40: =AF17 -> 0.56336321
B41: - MGM Resorts International | C41: =AE19 -> 0.62903226 | D41: =AF19 -> 0.71100098
B42: - Galaxy Entertainment Group | C42: =AE21 -> 0.15206627 | D42: =AF21 -> 0.069818423

Sheet Hard Input
B2: Financial Statement Input | I2: Share Price | U2: Analyst Recommendations | AB2: Dividends | AI2: GDP Growth (%) | AP2: Arrival of Tourist by Country | AW2: Genting Malaysia Berhad Statistics
B3: Source: CNBC | I3: Source: Yahoo Finance | U3: Source: i3 Investor | AB3: Source: MorningStar | AI3: Source: World Bank | AP3: Source: Tourism Malaysia | AW3: Source: CIMB 9th Annual Malaysia Corporate Day
I4: Source: WSJ
C6: 2013 | D6: 2014 | E6: 2015 | F6: 2016 | I6: Date | J6: Open | K6: High | L6: Low | M6: Close | N6: Adj Close | O6: Volume | Q6: Average | R6: Low | S6: High | U6: Date | V6: Open Price | W6: Target Price | X6: Upside/Downside | Y6: Price Call | Z6: Source | AB6: Annual Dividends | AW6: Million | AX6: Visitor Arrivals (Malaysia) | BA6: Hotel | BC6: Malaysia L&H
B7: Balance Sheet | I7: 41045 | J7: 3.63 | K7: 3.66 | L7: 3.51 | M7: 3.51 | N7: 3.51 | O7: 6004400 | Q7: ='Analysis (2017)'!$Z$4 -> 4.7808627 | R7: ='Analysis (2017)'!$AB$4 -> 4.7418433 | S7: ='Analysis (2017)'!$AB$5 -> 4.8198822 | U7: 42790 | V7: 5.5 | W7: 6.1 | X7: +0.60 (10.91%) | Y7: BUY | Z7: TA | AC7: 41244 | AD7: 41609 | AE7: 41974 | AF7: 42339 | AG7: 42705 | AJ7: Malaysia | AK7: China | AL7: U.S | AM7: U.K | AN7: World | AQ7: Tourist Arrival | AR7: Asia | AS7: China | AT7: Singapore | AU7: Tourism Receipts | AW7: Year | AX7: Day-Trippers | AY7: Hotel Guest | AZ7: Total | BA7: ARR | BB7: AOR | BC7: Revenue
B8: Cash | C8: 1261 | D8: 1282 | E8: 1719 | F8: 1610 | I8: 41046 | J8: 3.53 | K8: 3.64 | L8: 3.52 | M8: 3.6 | N8: 3.6 | O8: 4571800 | Q8: =Q7 -> 4.7808627 | R8: =R7 -> 4.7418433 | S8: =S7 -> 4.8198822 | U8: 42790 | V8: 5.5 | W8: 5.1 | X8: -0.40 (7.27%) | Y8: HOLD | Z8: PUBLIC BANK | AB8: Dividend Amount | AC8: 0.09 | AD8: 0.09 | AE8: 0.07 | AF8: 0.06 | AG8: 0.07 | AI8: 2004 | AJ8: 0.067834377 | AK8: 0.10111223 | AL8: 0.037857428 | AM8: 0.023644553 | AN8: 0.044481988 | AP8: 2004 | AQ8: 15703406 | AR8: 13945696 | AS8: 632807 | AT8: 9520306 | AU8: 29651400000 | AW8: 2010 | AX8: 14.6 | AY8: 5.3 | AZ8: =SUM(AX8:AY8) -> 19.9 | BA8: 81 | BB8: 0.93 | BC8: 5068
B9: Short Term Investments | C9: 3554 | D9: 2780 | E9: 3439 | F9: 3844 | I9: 41047 | J9: 3.55 | K9: 3.57 | L9: 3.52 | M9: 3.57 | N9: 3.57 | O9: 3356600 | Q9: =Q8 -> 4.7808627 | R9: =R8 -> 4.7418433 | S9: =S8 -> 4.8198822 | U9: 42790 | V9: 5.5 | W9: 5.66 | X9: +0.16 (2.91%) | Y9: HOLD | Z9: KENANGA | AB9: Year-end Yield % | AC9: 2.42 | AD9: 2.12 | AE9: 1.7 | AF9: 1.44 | AG9: 1.59 | AI9: 2005 | AJ9: 0.053321391 | AK9: 0.11395776 | AL9: 0.033452161 | AM9: 0.030960889 | AN9: 0.038300448 | AP9: 2005 | AQ9: 16431055 | AR9: 14657396 | AS9: 432570 | AT9: 9634506 | AU9: 31954100000 | AW9: 2011 | AX9: 14.8 | AY9: 5.4 | AZ9: =SUM(AX9:AY9) -> 20.2 | BA9: 82 | BB9: 0.94 | BC9: 5418
B10: ASSETS | I10: 41050 | J10: 3.57 | K10: 3.58 | L10: 3.54 | M10: 3.55 | N10: 3.55 | O10: 1275500 | Q10: =Q9 -> 4.7808627 | R10: =R9 -> 4.7418433 | S10: =S9 -> 4.8198822 | U10: 42790 | V10: 5.5 | W10: 5.1 | X10: -0.40 (7.27%) | Y10: HOLD | Z10: HLG | AB10: *Dividend Amount is calculated using the ex-dividend date | AI10: 2006 | AJ10: 0.055848471 | AK10: 0.12719479 | AL10: 0.026666258 | AM10: 0.024559997 | AN10: 0.043056477 | AP10: 2006 | AQ10: 17546863 | AR10: 15505995 | AS10: 532914 | AT10: 9656251 | AU10: 36271700000 | AW10: 2012 | AX10: 14.9 | AY10: 5.6 | AZ10: =SUM(AX10:AY10) -> 20.5 | BA10: 84 | BB10: 0.95 | BC10: 5490
B11: Cash & Short Term Investments | C11: 4815 | D11: 4063 | E11: 5158 | F11: 5455 | I11: 41051 | J11: 3.58 | K11: 3.63 | L11: 3.55 | M11: 3.62 | N11: 3.62 | O11: 2525000 | Q11: =Q10 -> 4.7808627 | R11: =R10 -> 4.7418433 | S11: =S10 -> 4.8198822 | U11: 42761 | V11: 4.97 | W11: 5.66 | X11: +0.69 (13.88%) | Y11: BUY | Z11: KENANGA | AI11: 2007 | AJ11: 0.094276651 | AK11: 0.14231388 | AL11: 0.017785702 | AM11: 0.023567082 | AN11: 0.042280597 | AP11: 2007 | AQ11: 20972822 | AR11: 17724628 | AS11: 789783 | AT11: 10492692 | AU11: 46070000000 | AW11: 2013 | AX11: 14.3 | AY11: 5.3 | AZ11: =SUM(AX11:AY11) -> 19.6 | BA11: 89 | BB11: 0.9 | BC11: 5684
B12: Receivables - Net | C12: 384 | D12: 642 | E12: 947 | F12: 300 | I12: 41052 | J12: 3.59 | K12: 3.6 | L12: 3.52 | M12: 3.54 | N12: 3.54 | O12: 3235300 | Q12: =Q11 -> 4.7808627 | R12: =R11 -> 4.7418433 | S12: =S11 -> 4.8198822 | U12: 42747 | V12: 4.85 | W12: 4.8 | X12: -0.05 (1.03%) | Y12: HOLD | Z12: MACQUARIE GROUP | AI12: 2008 | AJ12: 0.033195943 | AK12: 0.096542894 | AL12: -0.0029162146 | AM12: -0.0047254032 | AN12: 0.018185518 | AP12: 2008 | AQ12: 22052488 | AR12: 19140693 | AS12: 949864 | AT12: 11003492 | AU12: 49561200000 | AW12: 2014 | AX12: 13.1 | AY12: 5 | AZ12: =SUM(AX12:AY12) -> 18.1 | BA12: 80 | BB12: 0.91 | BC12: 5362
B13: Raw Materials | C13: 32 | D13: 27 | E13: 33 | F13: 30 | I13: 41053 | J13: 3.54 | K13: 3.58 | L13: 3.54 | M13: 3.58 | N13: 3.58 | O13: 1747200 | Q13: =Q12 -> 4.7808627 | R13: =R12 -> 4.7418433 | S13: =S12 -> 4.8198822 | U13: 42739 | V13: 4.58 | W13: 5 | X13: +0.42 (9.17%) | Y13: BUY | Z13: PUBLIC BANK | AI13: 2009 | AJ13: -0.025258257 | AK13: 0.093998132 | AL13: -0.027755296 | AM13: -0.041877594 | AN13: -0.017340504 | AP13: 2009 | AQ13: 23646191 | AR13: 20929002 | AS13: 1019756 | AT13: 12733082 | AU13: 53367700000 | AW13: 2015 | AX13: 13.7 | AY13: 5.7 | AZ13: =SUM(AX13:AY13) -> 19.4 | BA13: 88 | BB13: 0.9 | BC13: 5577
B14: Finished Goods | C14: 23 | D14: 23 | E14: 23 | F14: 23 | I14: 41054 | J14: 3.59 | K14: 3.62 | L14: 3.56 | M14: 3.6 | N14: 3.6 | O14: 1072900 | Q14: =Q13 -> 4.7808627 | R14: =R13 -> 4.7418433 | S14: =S13 -> 4.8198822 | U14: 42706 | V14: 4.75 | W14: 5.6 | X14: +0.85 (17.89%) | Y14: BUY | Z14: Affin Hwang Capital | AI14: 2010 | AJ14: 0.069809568 | AK14: 0.1063614 | AL14: 0.025319206 | AM14: 0.016945471 | AN14: 0.043114723 | AP14: 2010 | AQ14: 24577196 | AR14: 21887182 | AS14: 1130261 | AT14: 13042004 | AU14: 56492500000 | AW14: 2016 | AX14: =10.9/0.75 -> 14.533333 | AY14: =4.4/0.75 -> 5.8666667 | AZ14: =SUM(AX14:AY14) -> 20.4 | BA14: 93 | BB14: 0.91 | BC14: =4116/0.75 -> 5488
B15: Progress Payments Other | C15: 33 | D15: 51 | E15: 64 | F15: 45 | I15: 41057 | J15: 3.62 | K15: 3.66 | L15: 3.59 | M15: 3.64 | N15: 3.64 | O15: 657800 | Q15: =Q14 -> 4.7808627 | R15: =R14 -> 4.7418433 | S15: =S14 -> 4.8198822 | U15: 42699 | V15: 4.72 | W15: 4.6 | X15: -0.12 (2.54%) | Y15: HOLD | Z15: PUBLIC BANK | AF15: 0.044481988 | AG15: 100 | AI15: 2011 | AJ15: 0.052937911 | AK15: 0.09536443 | AL15: 0.016014547 | AM15: 0.01452624 | AN15: 0.031808818 | AP15: 2011 | AQ15: 24714324 | AR15: 21979178 | AS15: 1250536 | AT15: 13372647 | AU15: 58315900000 | AW15: 2020 | AZ15: 30
B16: Inventories - Total | C16: 88 | D16: 100 | E16: 120 | F16: 98 | I16: 41058 | J16: 3.64 | K16: 3.75 | L16: 3.62 | M16: 3.75 | N16: 3.75 | O16: 1551500 | Q16: =Q15 -> 4.7808627 | R16: =R15 -> 4.7418433 | S16: =S15 -> 4.8198822 | U16: 42699 | V16: 4.72 | W16: 5.35 | X16: +0.63 (13.35%) | Y16: BUY | Z16: MAYBANK | AF16: 0.038300448 | AI16: 2012 | AJ16: 0.054743855 | AK16: 0.078562621 | AL16: 0.022240309 | AM16: 0.014813298 | AN16: 0.025080793 | AP16: 2012 | AQ16: 25032708 | AR16: 22778387 | AS16: 1583318 | AT16: 13014268 | AU16: 60556700000
B17: Prepaid Expenses | C17: 100 | D17: 117 | E17: 242 | F17: 234 | I17: 41059 | J17: 3.76 | K17: 3.85 | L17: 3.72 | M17: 3.84 | N17: 3.84 | O17: 4808300 | Q17: =Q16 -> 4.7808627 | R17: =R16 -> 4.7418433 | S17: =S16 -> 4.8198822 | AF17: 0.043056477 | AI17: 2013 | AJ17: 0.046929192 | AK17: 0.077576351 | AL17: 0.016773315 | AM17: 0.020523885 | AN17: 0.026148628 | AP17: 2013 | AQ17: 25715460 | AR17: 23328292 | AS17: 1791423 | AT17: 13178774 | AU17: 65443300000
B18: Other Current Assets | C18: 30 | D18: 59 | E18: 2074 | F18: 42 | I18: 41060 | J18: 3.76 | K18: 3.78 | L18: 3.69 | M18: 3.69 | N18: 3.69 | O18: 8092700 | Q18: =Q17 -> 4.7808627 | R18: =R17 -> 4.7418433 | S18: =S17 -> 4.8198822 | U18: Current P/E at 16 May 2017 | X18: 11.31 | AF18: 0.042280597 | AI18: 2014 | AJ18: 0.060121665 | AK18: 0.07297666 | AL18: 0.025691936 | AM18: 0.03054251 | AN18: 0.028557544 | AP18: 2014 | AQ18: 27437315 | AR18: 24808382 | AS18: 1613355 | AT18: 13932967 | AU18: 71998800000 | AW18: Projects in GITP | AY18: 10380
B19: CURRENT ASSETS - TOTAL | C19: 5417 | D19: 4980 | E19: 8541 | F19: 6129 | I19: 41061 | J19: 3.69 | K19: 3.72 | L19: 3.65 | M19: 3.69 | N19: 3.69 | O19: 5215600 | Q19: =Q18 -> 4.7808627 | R19: =R18 -> 4.7418433 | S19: =S18 -> 4.8198822 | AF19: 0.018185518 | AI19: 2015 | AJ19: 0.049687852 | AK19: 0.069183364 | AL19: 0.02861587 | AM19: 0.023459395 | AN19: 0.028569455 | AP19: 2015 | AQ19: 25721251 | AR19: 23361016 | AS19: 1677163 | AT19: 12930754 | AU19: 69119600000 | AW19: 20th Century Fox
B20: Land | C20: 595 | D20: 598 | E20: 830 | F20: 771 | I20: 41064 | J20: 3.65 | K20: 3.76 | L20: 3.54 | M20: 3.54 | N20: 3.54 | O20: 4794700 | Q20: =Q19 -> 4.7808627 | R20: =R19 -> 4.7418433 | S20: =S19 -> 4.8198822 | U20: Date | V20: Open Price | W20: Target Price | X20: Upside/Downside | Y20: Price Call | Z20: Source | AF20: -0.017340504 | AI20: 2016 | AJ20: 0.042 | AK20: 0.067 | AL20: 0.014852792 | AM20: 0.019357909 | AN20: 0.025057279 | AP20: 2016 | AQ20: 26757392 | AR20: 24781902 | AS20: 2124942 | AT20: 13272961 | AU20: 82098200000 | AW20: 1,300 room First World Hotel
B21: Buildings | C21: 4766 | D21: 5073 | E21: 6762 | F21: 7940 | I21: 41065 | J21: 3.56 | K21: 3.58 | L21: 3.52 | M21: 3.52 | N21: 3.52 | O21: 4448200 | Q21: =Q20 -> 4.7808627 | R21: =R20 -> 4.7418433 | S21: =S20 -> 4.8198822 | U21: 42900 | V21: 5.62 | W21: 5.2 | X21: -0.42 (7.47%) | Y21: SELL | Z21: AMMB | AF21: 0.043114723 | AI21: 2017 | AJ21: 0.059017692 | AK21: 0.069 | AL21: 0.022733385 | AM21: 0.01787151 | AN21: 0.031515099 | AP21: 2017e | AQ21: 25948459 | AR21: 23966645 | AS21: 2281666 | AT21: 12441713 | AU21: 82165000000 | AW21: Indoor Theme Park
B22: Machinery & Equipment | C22: 4228 | D22: 4432 | E22: 5291 | F22: 6084 | I22: 41066 | J22: 3.55 | K22: 3.58 | L22: 3.53 | M22: 3.53 | N22: 3.53 | O22: 5881400 | Q22: =Q21 -> 4.7808627 | R22: =R21 -> 4.7418433 | S22: =S21 -> 4.8198822 | U22: 42885 | V22: 5.94 | W22: 5.15 | X22: -0.79 (13.30%) | Y22: SELL | Z22: UOBKayHian | AF22: 0.031808818 | AI22: 2018e | AJ22: 0.054 | AK22: 0.051 | AL22: 0.027 | AN22: 0.031 | AP22: 2018e | AW22: All-Suite Premium Luxury Hotel
B23: Transportation Equipment | C23: 600 | D23: 685 | E23: 790 | F23: 471 | I23: 41067 | J23: 3.56 | K23: 3.59 | L23: 3.54 | M23: 3.57 | N23: 3.57 | O23: 3199000 | Q23: =Q22 -> 4.7808627 | R23: =R22 -> 4.7418433 | S23: =S22 -> 4.8198822 | U23: 42885 | V23: 5.94 | W23: 6 | X23: +0.06 (1.01%) | Y23: HOLD | Z23: KENANGA | AF23: 0.025080793 | AI23: 2019e | AJ23: 0.051 | AK23: 0.051 | AL23: 0.025 | AN23: 0.03 | AP23: 2019e | AW23: Sky Avenue lifestyle mall and Sky Plaza
B24: Other Property, Plant & Equipment | C24: -- | D24: 7426 | E24: 10475 | F24: 12159 | I24: 41068 | J24: 3.55 | K24: 3.57 | L24: 3.53 | M24: 3.54 | N24: 3.54 | O24: 1510400 | Q24: =Q23 -> 4.7808627 | R24: =R23 -> 4.7418433 | S24: =S23 -> 4.8198822 | U24: 42885 | V24: 5.94 | W24: 5.2 | X24: -0.74 (12.46%) | Y24: SELL | Z24: AMMB | AF24: 0.026148628 | AI24: 2020e | AJ24: 0.048 | AK24: 0.051 | AL24: 0.02 | AN24: 0.029 | AP24: 2020e | AQ24: 36000000 | AW24: High-speed cable car system
B25: Property, Plant, & Equipment under Capitalized Leases | C25: 51 | D25: 51 | E25: 25 | F25: 25 | I25: 41071 | J25: 3.56 | K25: 3.58 | L25: 3.51 | M25: 3.53 | N25: 3.53 | O25: 4618700 | Q25: =Q24 -> 4.7808627 | R25: =R24 -> 4.7418433 | S25: =S24 -> 4.8198822 | U25: 42885 | V25: 5.94 | W25: 6 | X25: +0.06 (1.01%) | Y25: HOLD | Z25: Affin Hwang Capital | AF25: 0.028557544 | AW25: Luxury Hotels
B26: Property, Plant and Equipment - Gross | C26: 10754 | D26: 12446 | E26: 16170 | F26: 18174 | I26: 41072 | J26: 3.47 | K26: 3.51 | L26: 3.46 | M26: 3.46 | N26: 3.46 | O26: 3508600 | Q26: =Q25 -> 4.7808627 | R26: =R25 -> 4.7418433 | S26: =S25 -> 4.8198822 | U26: 42790 | V26: 5.5 | W26: 6.1 | X26: +0.60 (10.91%) | Y26: BUY | Z26: TA | AF26: 0.028569455 | AI26: Average | AJ26: =AVERAGE(AJ8:AJ21) -> 0.051033308 | AK26: =AVERAGE(AK8:AK21) -> 0.09365318 | AL26: =AVERAGE(AL8:AL21) -> 0.018380814 | AM26: =AVERAGE(AM8:AM21) -> 0.015297839 | AN26: =AVERAGE(AN8:AN21) -> 0.029201204 | AW26: Infra | AY26: s
B27: Accumulated Depreciation | C27: -4481 | D27: -4835 | E27: -5510 | F27: -5830 | G27: ` | I27: 41073 | J27: 3.47 | K27: 3.48 | L27: 3.43 | M27: 3.44 | N27: 3.44 | O27: 3615800 | Q27: =Q26 -> 4.7808627 | R27: =R26 -> 4.7418433 | S27: =S26 -> 4.8198822 | U27: 42790 | V27: 5.5 | W27: 5.1 | X27: -0.40 (7.27%) | Y27: HOLD | Z27: PUBLIC BANK | AF27: 0.025057279
B28: Property, Plant and Equipment - Net | C28: 6273 | D28: 7611 | E28: 10660 | F28: 12343 | I28: 41074 | J28: 3.42 | K28: 3.43 | L28: 3.4 | M28: 3.4 | N28: 3.4 | O28: 4160800 | Q28: =Q27 -> 4.7808627 | R28: =R27 -> 4.7418433 | S28: =S27 -> 4.8198822 | U28: 42790 | V28: 5.5 | W28: 5.66 | X28: +0.16 (2.91%) | Y28: HOLD | Z28: KENANGA | AF28: 0.031515099
B29: Long Term Receivables | C29: 263 | D29: 252 | E29: 252 | F29: 1731 | I29: 41075 | J29: 3.44 | K29: 3.6 | L29: 3.44 | M29: 3.6 | N29: 3.6 | O29: 5952100 | Q29: =Q28 -> 4.7808627 | R29: =R28 -> 4.7418433 | S29: =S28 -> 4.8198822 | U29: 42790 | V29: 5.5 | W29: 5.1 | X29: -0.40 (7.27%) | Y29: HOLD | Z29: HLG
B30: Other Investments | C30: 3337 | D30: 3198 | E30: 2392 | F30: 2421 | I30: 41078 | J30: 3.6 | K30: 3.63 | L30: 3.54 | M30: 3.58 | N30: 3.58 | O30: 1060800 | Q30: =Q29 -> 4.7808627 | R30: =R29 -> 4.7418433 | S30: =S29 -> 4.8198822 | U30: 42761 | V30: 4.97 | W30: 5.66 | X30: +0.69 (13.88%) | Y30: BUY | Z30: KENANGA
B31: Deferred Charges | C31: 0 | D31: 73 | E31: 71 | F31: 112 | I31: 41079 | J31: 3.58 | K31: 3.61 | L31: 3.55 | M31: 3.61 | N31: 3.61 | O31: 2823100 | Q31: =Q30 -> 4.7808627 | R31: =R30 -> 4.7418433 | S31: =S30 -> 4.8198822
B32: Total Intangible Other Assets - Net | C32: 4387 | D32: 4482 | E32: 5367 | F32: 5036 | I32: 41080 | J32: 3.59 | K32: 3.65 | L32: 3.57 | M32: 3.65 | N32: 3.65 | O32: 2019800 | Q32: =Q31 -> 4.7808627 | R32: =R31 -> 4.7418433 | S32: =S31 -> 4.8198822 | U32: Date | V32: 42907
B33: Other Assets - Total | C33: 4561 | D33: 4756 | E33: 5676 | F33: 5270 | I33: 41081 | J33: 3.65 | K33: 3.65 | L33: 3.58 | M33: 3.6 | N33: 3.6 | O33: 1678300 | Q33: =Q32 -> 4.7808627 | R33: =R32 -> 4.7418433 | S33: =S32 -> 4.8198822 | U33: Current P/E at 21 Jun 2017 | X33: 10.25
B34: TOTAL ASSETS | C34: 19677 | D34: 20597 | E34: 27283 | F34: 27772 | I34: 41082 | J34: 3.58 | K34: 3.64 | L34: 3.55 | M34: 3.55 | N34: 3.55 | O34: 2928900 | Q34: =Q33 -> 4.7808627 | R34: =R33 -> 4.7418433 | S34: =S33 -> 4.8198822
B35: LIABILITIES | I35: 41085 | J35: 3.57 | K35: 3.59 | L35: 3.54 | M35: 3.54 | N35: 3.54 | O35: 826500 | Q35: =Q34 -> 4.7808627 | R35: =R34 -> 4.7418433 | S35: =S34 -> 4.8198822 | U35: Date | V35: Open Price | W35: Target Price | X35: Upside/Downside | Y35: Price Call | Z35: Source
B36: Accounts Payable | C36: 415 | D36: 431 | E36: 503 | F36: 442 | I36: 41086 | J36: 3.54 | K36: 3.56 | L36: 3.5 | M36: 3.52 | N36: 3.52 | O36: 5736800 | Q36: =Q35 -> 4.7808627 | R36: =R35 -> 4.7418433 | S36: =S35 -> 4.8198822 | U36: 43293 | V36: 4.9 | W36: 5.45 | X36: +0.55 (11.22%) | Y36: HOLD | Z36: AmInvest
B37: Short Term Debt & Current Portion of Long Term Debt | C37: 197 | D37: 207 | E37: 784 | F37: 1103 | I37: 41087 | J37: 3.5 | K37: 3.56 | L37: 3.5 | M37: 3.56 | N37: 3.56 | O37: 1881500 | Q37: =Q36 -> 4.7808627 | R37: =R36 -> 4.7418433 | S37: =S36 -> 4.8198822 | U37: 43245 | V37: 4.95 | W37: 5.05 | X37: +0.10 (2.02%) | Y37: HOLD | Z37: PUBLIC BANK
B38: Accrued Payroll | C38: 14 | D38: 16 | E38: 19 | F38: 32 | I38: 41088 | J38: 3.54 | K38: 3.55 | L38: 3.51 | M38: 3.52 | N38: 3.52 | O38: 1682100 | Q38: =Q37 -> 4.7808627 | R38: =R37 -> 4.7418433 | S38: =S37 -> 4.8198822 | U38: 43245 | V38: 4.95 | W38: 5.75 | X38: +0.80 (16.16%) | Y38: BUY | Z38: KENANGA
B39: Income Taxes Payable | C39: 72 | D39: 52 | E39: 52 | F39: 4 | I39: 41089 | J39: 3.52 | K39: 3.6 | L39: 3.52 | M39: 3.6 | N39: 3.6 | O39: 4890700 | Q39: =Q38 -> 4.7808627 | R39: =R38 -> 4.7418433 | S39: =S38 -> 4.8198822 | U39: 43245 | V39: 4.95 | W39: 5.8 | X39: +0.85 (17.17%) | Y39: BUY | Z39: HLG
B40: Other Current Liabilities | C40: 1342 | D40: 1547 | E40: 2309 | F40: 2450 | I40: 41092 | J40: 3.61 | K40: 3.62 | L40: 3.58 | M40: 3.6 | N40: 3.6 | O40: 1835400 | Q40: =Q39 -> 4.7808627 | R40: =R39 -> 4.7418433 | S40: =S39 -> 4.8198822 | U40: 43245 | V40: 4.95 | W40: 5.45 | X40: +0.50 (10.10%) | Y40: HOLD | Z40: AMMB
B41: CURRENT LIABILITIES - TOTAL | C41: 2040 | D41: 2253 | E41: 3667 | F41: 4032 | I41: 41093 | J41: 3.61 | K41: 3.64 | L41: 3.6 | M41: 3.63 | N41: 3.63 | O41: 4496900 | Q41: =Q40 -> 4.7808627 | R41: =R40 -> 4.7418433 | S41: =S40 -> 4.8198822 | U41: 43245 | V41: 4.95 | W41: 6 | X41: +1.05 (21.21%) | Y41: BUY | Z41: Affin Hwang Capital
B42: Long Term Debt | C42: 1483 | D42: 1411 | E42: 3841 | F42: 3223 | I42: 41094 | J42: 3.62 | K42: 3.64 | L42: 3.61 | M42: 3.63 | N42: 3.63 | O42: 3652900 | Q42: =Q41 -> 4.7808627 | R42: =R41 -> 4.7418433 | S42: =S41 -> 4.8198822 | U42: Average TP | W42: =AVERAGE(W36:W41) -> 5.5833333
B43: Provision for Risks and Charges | C43: 171 | D43: 186 | E43: 190 | F43: 211 | I43: 41095 | J43: 3.6 | K43: 3.62 | L43: 3.56 | M43: 3.58 | N43: 3.58 | O43: 2880600 | Q43: =Q42 -> 4.7808627 | R43: =R42 -> 4.7418433 | S43: =S42 -> 4.8198822
B44: Deferred Taxes - Credit | C44: 663 | D44: 659 | E44: 706 | F44: 674 | I44: 41096 | J44: 3.6 | K44: 3.72 | L44: 3.59 | M44: 3.68 | N44: 3.68 | O44: 3709700 | Q44: =Q43 -> 4.7808627 | R44: =R43 -> 4.7418433 | S44: =S43 -> 4.8198822 | U44: Min | V44: =MIN(W36:W41) -> 5.05
B45: Deferred Taxes - Debit | C45: 175 | D45: 201 | E45: 238 | F45: 122 | I45: 41099 | J45: 3.67 | K45: 3.67 | L45: 3.61 | M45: 3.61 | N45: 3.61 | O45: 1792000 | Q45: =Q44 -> 4.7808627 | R45: =R44 -> 4.7418433 | S45: =S44 -> 4.8198822 | U45: Max | V45: =MAX(W36:W41) -> 6
B46: DEFERRED TAXES | C46: 489 | D46: 458 | E46: 469 | F46: 551 | I46: 41100 | J46: 3.62 | K46: 3.64 | L46: 3.59 | M46: 3.63 | N46: 3.63 | O46: 2378600 | Q46: =Q45 -> 4.7808627 | R46: =R45 -> 4.7418433 | S46: =S45 -> 4.8198822
B47: Other Liabilities | C47: 17 | D47: 16 | E47: 11 | F47: 10 | I47: 41101 | J47: 3.62 | K47: 3.63 | L47: 3.58 | M47: 3.59 | N47: 3.59 | O47: 2901800 | Q47: =Q46 -> 4.7808627 | R47: =R46 -> 4.7418433 | S47: =S46 -> 4.8198822
B48: TOTAL LIABILITIES | C48: 4200 | D48: 4323 | E48: 8177 | F48: 8027 | I48: 41102 | J48: 3.58 | K48: 3.62 | L48: 3.58 | M48: 3.62 | N48: 3.62 | O48: 777700 | Q48: =Q47 -> 4.7808627 | R48: =R47 -> 4.7418433 | S48: =S47 -> 4.8198822 | U48: Date | V48: 43322
B49: EQUITY | I49: 41103 | J49: 3.6 | K49: 3.63 | L49: 3.58 | M49: 3.6 | N49: 3.6 | O49: 1328700 | Q49: =Q48 -> 4.7808627 | R49: =R48 -> 4.7418433 | S49: =S48 -> 4.8198822
B50: Non-Equity Reserves | C50: 0 | D50: 0 | E50: 0 | F50: 0 | I50: 41106 | J50: 3.6 | K50: 3.64 | L50: 3.6 | M50: 3.64 | N50: 3.64 | O50: 1840600 | Q50: =Q49 -> 4.7808627 | R50: =R49 -> 4.7418433 | S50: =S49 -> 4.8198822
B51: Minority Interest | C51: 20 | D51: -31 | E51: 26 | F51: -120 | I51: 41107 | J51: 3.61 | K51: 3.62 | L51: 3.59 | M51: 3.6 | N51: 3.6 | O51: 3871900 | Q51: =Q50 -> 4.7808627 | R51: =R50 -> 4.7418433 | S51: =S50 -> 4.8198822
B52: Preferred Stock | C52: 0 | D52: 0 | E52: 0 | F52: 0 | I52: 41108 | J52: 3.6 | K52: 3.62 | L52: 3.58 | M52: 3.6 | N52: 3.6 | O52: 2306500 | Q52: =Q51 -> 4.7808627 | R52: =R51 -> 4.7418433 | S52: =S51 -> 4.8198822
B53: Common Stock | C53: 594 | D53: 594 | E53: 594 | F53: 594 | I53: 41109 | J53: 3.6 | K53: 3.62 | L53: 3.57 | M53: 3.58 | N53: 3.58 | O53: 2359600 | Q53: =Q52 -> 4.7808627 | R53: =R52 -> 4.7418433 | S53: =S52 -> 4.8198822
B54: Capital Surplus | C54: 1171 | D54: 1171 | E54: 1171 | F54: 1171 | I54: 41110 | J54: 3.56 | K54: 3.58 | L54: 3.53 | M54: 3.58 | N54: 3.58 | O54: 3531800 | Q54: =Q53 -> 4.7808627 | R54: =R53 -> 4.7418433 | S54: =S53 -> 4.8198822
B55: Retained Earnings | C55: 12923 | D55: 13465 | E55: 14349 | F55: 16808 | I55: 41113 | J55: 3.56 | K55: 3.56 | L55: 3.5 | M55: 3.5 | N55: 3.5 | O55: 1747400 | Q55: =Q54 -> 4.7808627 | R55: =R54 -> 4.7418433 | S55: =S54 -> 4.8198822
B56: ESOP Guarantees | C56: 0 | D56: 0 | E56: 35 | F56: -8 | I56: 41114 | J56: 3.51 | K56: 3.51 | L56: 3.45 | M56: 3.46 | N56: 3.46 | O56: 3029700 | Q56: =Q55 -> 4.7808627 | R56: =R55 -> 4.7418433 | S56: =S55 -> 4.8198822
B57: Unrealized Foreign Exchange Gain/Loss | C57: 2 | D57: 716 | E57: 2832 | F57: 2196 | I57: 41115 | J57: 3.46 | K57: 3.46 | L57: 3.43 | M57: 3.43 | N57: 3.43 | O57: 2984100 | Q57: =Q56 -> 4.7808627 | R57: =R56 -> 4.7418433 | S57: =S56 -> 4.8198822
B58: Unrealized Gain/Loss on Marketable Securities | C58: 1667 | D58: 1261 | E58: 1078 | F58: 0 | I58: 41116 | J58: 3.44 | K58: 3.45 | L58: 3.3 | M58: 3.3 | N58: 3.3 | O58: 9015000 | Q58: =Q57 -> 4.7808627 | R58: =R57 -> 4.7418433 | S58: =S57 -> 4.8198822
B59: Treasury Stock | C59: -898 | D59: -902 | E59: -907 | F59: -911 | I59: 41117 | J59: 3.35 | K59: 3.38 | L59: 3.31 | M59: 3.32 | N59: 3.32 | O59: 7701500 | Q59: =Q58 -> 4.7808627 | R59: =R58 -> 4.7418433 | S59: =S58 -> 4.8198822
B60: COMMON EQUITY | C60: 15458 | D60: 16304 | E60: 19080 | F60: 19865 | I60: 41120 | J60: 3.34 | K60: 3.36 | L60: 3.32 | M60: 3.34 | N60: 3.34 | O60: 8591300 | Q60: =Q59 -> 4.7808627 | R60: =R59 -> 4.7418433 | S60: =S59 -> 4.8198822
B61: TOTAL LIABILITIES & SHAREHOLDERS’ EQUITY | C61: 19677 | D61: 20597 | E61: 27283 | F61: 27772 | I61: 41121 | J61: 3.36 | K61: 3.44 | L61: 3.36 | M61: 3.37 | N61: 3.37 | O61: 7254600 | Q61: =Q60 -> 4.7808627 | R61: =R60 -> 4.7418433 | S61: =S60 -> 4.8198822
B62: SHARE INFORMATION | I62: 41122 | J62: 3.37 | K62: 3.39 | L62: 3.34 | M62: 3.34 | N62: 3.34 | O62: 11921800 | Q62: =Q61 -> 4.7808627 | R62: =R61 -> 4.7418433 | S62: =S61 -> 4.8198822
B63: Common Shares Outstanding | C63: 5671 | D63: 5670 | E63: 5669 | F63: 5668 | I63: 41123 | J63: 3.36 | K63: 3.43 | L63: 3.36 | M63: 3.43 | N63: 3.43 | O63: 3885000 | Q63: =Q62 -> 4.7808627 | R63: =R62 -> 4.7418433 | S63: =S62 -> 4.8198822
B64: () = Negative Values | I64: 41124 | J64: 3.41 | K64: 3.43 | L64: 3.36 | M64: 3.36 | N64: 3.36 | O64: 3352600 | Q64: =Q63 -> 4.7808627 | R64: =R63 -> 4.7418433 | S64: =S63 -> 4.8198822
B65: In Malaysian Ringgits | I65: 41127 | J65: 3.39 | K65: 3.39 | L65: 3.34 | M65: 3.35 | N65: 3.35 | O65: 2113700 | Q65: =Q64 -> 4.7808627 | R65: =R64 -> 4.7418433 | S65: =S64 -> 4.8198822
B66: Values are displayed in Millions except for earnings per share and where noted | I66: 41128 | J66: 3.38 | K66: 3.38 | L66: 3.3 | M66: 3.3 | N66: 3.3 | O66: 6654500 | Q66: =Q65 -> 4.7808627 | R66: =R65 -> 4.7418433 | S66: =S65 -> 4.8198822
I67: 41129 | J67: 3.31 | K67: 3.34 | L67: 3.28 | M67: 3.28 | N67: 3.28 | O67: 4793000 | Q67: =Q66 -> 4.7808627 | R67: =R66 -> 4.7418433 | S67: =S66 -> 4.8198822
B68: Profit and Loss | I68: 41130 | J68: 3.29 | K68: 3.38 | L68: 3.28 | M68: 3.38 | N68: 3.38 | O68: 6374600 | Q68: =Q67 -> 4.7808627 | R68: =R67 -> 4.7418433 | S68: =S67 -> 4.8198822
B69: NET SALES OR REVENUES | C69: 8327 | D69: 8229 | E69: 8396 | F69: 8932 | I69: 41131 | J69: 3.4 | K69: 3.4 | L69: 3.36 | M69: 3.39 | N69: 3.39 | O69: 4243800 | Q69: =Q68 -> 4.7808627 | R69: =R68 -> 4.7418433 | S69: =S68 -> 4.8198822
B70: Cost of Goods Sold (Excl Depreciation) | C70: 5013 | D70: 5234 | E70: 5690 | F70: 5668 | I70: 41134 | J70: 3.39 | K70: 3.46 | L70: 3.38 | M70: 3.46 | N70: 3.46 | O70: 3001700 | Q70: =Q69 -> 4.7808627 | R70: =R69 -> 4.7418433 | S70: =S69 -> 4.8198822
B71: Depreciation, Depletion And Amortization | C71: 515 | D71: 590 | E71: 664 | F71: 781 | I71: 41135 | J71: 3.45 | K71: 3.48 | L71: 3.42 | M71: 3.48 | N71: 3.48 | O71: 2885700 | Q71: =Q70 -> 4.7808627 | R71: =R70 -> 4.7418433 | S71: =S70 -> 4.8198822
B72: Depreciation | C72: 440 | D72: 511 | E72: 567 | F72: 661 | I72: 41136 | J72: 3.49 | K72: 3.49 | L72: 3.43 | M72: 3.48 | N72: 3.48 | O72: 2682000 | Q72: =Q71 -> 4.7808627 | R72: =R71 -> 4.7418433 | S72: =S71 -> 4.8198822
B73: Amortization of Intangibles | C73: 75 | D73: 79 | E73: 96 | F73: 120 | I73: 41137 | J73: 3.47 | K73: 3.49 | L73: 3.46 | M73: 3.48 | N73: 3.48 | O73: 1840600 | Q73: =Q72 -> 4.7808627 | R73: =R72 -> 4.7418433 | S73: =S72 -> 4.8198822
B74: GROSS INCOME | C74: 2800 | D74: 2406 | E74: 2042 | F74: 2483 | I74: 41138 | J74: 3.47 | K74: 3.5 | L74: 3.45 | M74: 3.49 | N74: 3.49 | O74: 2189800 | Q74: =Q73 -> 4.7808627 | R74: =R73 -> 4.7418433 | S74: =S73 -> 4.8198822
B75: Selling, General & Admin Expenses | C75: 845 | D75: 758 | E75: 747 | F75: 981 | I75: 41143 | J75: 3.49 | K75: 3.49 | L75: 3.39 | M75: 3.4 | N75: 3.4 | O75: 2887800 | Q75: =Q74 -> 4.7808627 | R75: =R74 -> 4.7418433 | S75: =S74 -> 4.8198822
B76: Other Operating Expenses | C76: 280 | D76: 291 | E76: 381 | F76: 171 | I76: 41144 | J76: 3.41 | K76: 3.42 | L76: 3.39 | M76: 3.39 | N76: 3.39 | O76: 1251800 | Q76: =Q75 -> 4.7808627 | R76: =R75 -> 4.7418433 | S76: =S75 -> 4.8198822
B77: OPERATING INCOME | C77: 1675 | D77: 1357 | E77: 914 | F77: 1330 | I77: 41145 | J77: 3.41 | K77: 3.43 | L77: 3.36 | M77: 3.36 | N77: 3.36 | O77: 3264800 | Q77: =Q76 -> 4.7808627 | R77: =R76 -> 4.7418433 | S77: =S76 -> 4.8198822
B78: Extraordinary Credit - Pretax | C78: 11 | D78: 48 | E78: 49 | F78: 98 | I78: 41148 | J78: 3.36 | K78: 3.37 | L78: 3.35 | M78: 3.36 | N78: 3.36 | O78: 1376000 | Q78: =Q77 -> 4.7808627 | R78: =R77 -> 4.7418433 | S78: =S77 -> 4.8198822
B79: Extraordinary Charge - Pretax | C79: -89 | D79: -75 | E79: -38 | F79: -32 | I79: 41149 | J79: 3.36 | K79: 3.37 | L79: 3.35 | M79: 3.36 | N79: 3.36 | O79: 1430400 | Q79: =Q78 -> 4.7808627 | R79: =R78 -> 4.7418433 | S79: =S78 -> 4.8198822
B80: Non-Operating Interest Income | C80: -- | D80: -- | E80: -- | F80: 21 | I80: 41150 | J80: 3.35 | K80: 3.35 | L80: 3.3 | M80: 3.3 | N80: 3.3 | O80: 5503500 | Q80: =Q79 -> 4.7808627 | R80: =R79 -> 4.7418433 | S80: =S79 -> 4.8198822
B81: Other Income/Expenses - Net | C81: 234 | D81: 229 | E81: 642 | F81: 1764 | I81: 41151 | J81: 3.33 | K81: 3.53 | L81: 3.33 | M81: 3.53 | N81: 3.53 | O81: 12450100 | Q81: =Q80 -> 4.7808627 | R81: =R80 -> 4.7418433 | S81: =S80 -> 4.8198822
B82: Interest Expense On Debt | C82: 52 | D82: 35 | E82: 36 | F82: 184 | I82: 41155 | J82: 3.53 | K82: 3.53 | L82: 3.47 | M82: 3.51 | N82: 3.51 | O82: 4528600 | Q82: =Q81 -> 4.7808627 | R82: =R81 -> 4.7418433 | S82: =S81 -> 4.8198822
B83: Interest Capitalized | C83: 0 | D83: 0 | E83: 0 | F83: 93 | I83: 41156 | J83: 3.52 | K83: 3.57 | L83: 3.5 | M83: 3.57 | N83: 3.57 | O83: 2901600 | Q83: =Q82 -> 4.7808627 | R83: =R82 -> 4.7418433 | S83: =S82 -> 4.8198822
B84: PRETAX INCOME | C84: 1779 | D84: 1524 | E84: 1530 | F84: 3091 | I84: 41157 | J84: 3.56 | K84: 3.56 | L84: 3.51 | M84: 3.53 | N84: 3.53 | O84: 6715000 | Q84: =Q83 -> 4.7808627 | R84: =R83 -> 4.7418433 | S84: =S83 -> 4.8198822
B85: Income Taxes | C85: -182 | D85: -384 | E85: -287 | F85: -290 | I85: 41158 | J85: 3.52 | K85: 3.54 | L85: 3.48 | M85: 3.51 | N85: 3.51 | O85: 5662800 | Q85: =Q84 -> 4.7808627 | R85: =R84 -> 4.7418433 | S85: =S84 -> 4.8198822
B86: Current Domestic Income Tax | C86: 428 | D86: 373 | E86: 313 | F86: 74 | I86: 41159 | J86: 3.52 | K86: 3.55 | L86: 3.49 | M86: 3.49 | N86: 3.49 | O86: 5405400 | Q86: =Q85 -> 4.7808627 | R86: =R85 -> 4.7418433 | S86: =S85 -> 4.8198822
B87: Current Foreign Income Tax | C87: 37 | D87: 37 | E87: -2 | F87: 66 | I87: 41162 | J87: 3.53 | K87: 3.55 | L87: 3.49 | M87: 3.55 | N87: 3.55 | O87: 2756500 | Q87: =Q86 -> 4.7808627 | R87: =R86 -> 4.7418433 | S87: =S86 -> 4.8198822
B88: Deferred Domestic Income Tax | C88: -283 | D88: -27 | E88: -23 | F88: 150 | I88: 41163 | J88: 3.53 | K88: 3.54 | L88: 3.5 | M88: 3.53 | N88: 3.53 | O88: 2921900 | Q88: =Q87 -> 4.7808627 | R88: =R87 -> 4.7418433 | S88: =S87 -> 4.8198822
B89: Minority Interest | C89: -19 | D89: -48 | E89: -15 | F89: -79 | I89: 41164 | J89: 3.52 | K89: 3.54 | L89: 3.48 | M89: 3.5 | N89: 3.5 | O89: 2952500 | Q89: =Q88 -> 4.7808627 | R89: =R88 -> 4.7418433 | S89: =S88 -> 4.8198822
B90: Equity in Earnings | C90: -13 | D90: 0 | E90: 0 | F90: 0 | I90: 41165 | J90: 3.5 | K90: 3.62 | L90: 3.49 | M90: 3.62 | N90: 3.62 | O90: 5712700 | Q90: =Q89 -> 4.7808627 | R90: =R89 -> 4.7418433 | S90: =S89 -> 4.8198822
B91: NET INCOME BEFORE EXTRA ITEMS/PREFERRED DIVIDENDS | C91: 1603 | D91: 1189 | E91: 1258 | F91: 2880 | I91: 41166 | J91: 3.62 | K91: 3.72 | L91: 3.62 | M91: 3.72 | N91: 3.72 | O91: 4916000 | Q91: =Q90 -> 4.7808627 | R91: =R90 -> 4.7418433 | S91: =S90 -> 4.8198822
B92: NET INCOME USED TO CALCULATE BASIC EARNINGS PER SHARE | C92: 1603 | D92: 1189 | E92: 1258 | F92: 2880 | I92: 41170 | J92: 3.72 | K92: 3.78 | L92: 3.65 | M92: 3.65 | N92: 3.65 | O92: 5878300 | Q92: =Q91 -> 4.7808627 | R92: =R91 -> 4.7418433 | S92: =S91 -> 4.8198822
... B95: Earning per Common Share - Fully Diluted | C95: 0.28 | D95: 0.21 | E95: 0.22 | F95: 0.51 | I95: 41173 | J95: 3.52 | K95: 3.56 | L95: 3.43 | M95: 3.5 | N95: 3.5 | O95: 7204200 | Q95: =Q94 -> 4.7808627 | R95: =R94 -> 4.7418433 | S95: =S94 -> 4.8198822
B96: () = Negative Values | I96: 41176 | J96: 3.45 | K96: 3.46 | L96: 3.4 | M96: 3.4 | N96: 3.4 | O96: 6862400 | Q96: =Q95 -> 4.7808627 | R96: =R95 -> 4.7418433 | S96: =S95 -> 4.8198822
B97: In Malaysian Ringgits | I97: 41177 | J97: 3.4 | K97: 3.45 | L97: 3.38 | M97: 3.43 | N97: 3.43 | O97: 4092300 | Q97: =Q96 -> 4.7808627 | R97: =R96 -> 4.7418433 | S97: =S96 -> 4.8198822
B98: Values are displayed in Millions except for earnings per share and where noted | I98: 41178 | J98: 3.43 | K98: 3.43 | L98: 3.35 | M98: 3.38 | N98: 3.38 | O98: 4815600 | Q98: =Q97 -> 4.7808627 | R98: =R97 -> 4.7418433 | S98: =S97 -> 4.8198822
I99: 41179 | J99: 3.38 | K99: 3.41 | L99: 3.35 | M99: 3.37 | N99: 3.37 | O99: 5496400 | Q99: =Q98 -> 4.7808627 | R99: =R98 -> 4.7418433 | S99: =S98 -> 4.8198822
B100: Cash Flow Statement | I100: 41180 | J100: 3.38 | K100: 3.5 | L100: 3.36 | M100: 3.5 | N100: 3.5 | O100: 8296800 | Q100: =Q99 -> 4.7808627 | R100: =R99 -> 4.7418433 | S100: =S99 -> 4.8198822
C101: 2016 | D101: 2015 | E101: 2014 | F101: 2013 | I101: 41183 | J101: 3.49 | K101: 3.62 | L101: 3.46 | M101: 3.59 | N101: 3.59 | O101: 6619300 | Q101: =Q100 -> 4.7808627 | R101: =R100 -> 4.7418433 | S101: =S100 -> 4.8198822
B102: OPERATING ACTIVITIES | I102: 41184 | J102: 3.6 | K102: 3.68 | L102: 3.6 | M102: 3.68 | N102: 3.68 | O102: 5367800 | Q102: =Q101 -> 4.7808627 | R102: =R101 -> 4.7418433 | S102: =S101 -> 4.8198822
B103: Net Income / Starting Line | C103: 1766 | D103: 1524 | E103: 1530 | F103: 3091 | I103: 41185 | J103: 3.67 | K103: 3.73 | L103: 3.67 | M103: 3.72 | N103: 3.72 | O103: 7620400 | Q103: =Q102 -> 4.7808627 | R103: =R102 -> 4.7418433 | S103: =S102 -> 4.8198822
B104: Depreciation and Depletion | C104: 440 | D104: 511 | E104: 567 | F104: 661 | I104: 41186 | J104: 3.7 | K104: 3.78 | L104: 3.69 | M104: 3.78 | N104: 3.78 | O104: 6964800 | Q104: =Q103 -> 4.7808627 | R104: =R103 -> 4.7418433 | S104: =S103 -> 4.8198822
...

Sheet June 17 Update
B2: Share Price Update
K3: Genting Malaysia Berhad
K4: Share Price | L4: Volume
J5: Average | K5: =AVERAGE('Hard Input'!$M$1243:$M$1263) -> 5.7909524 | L5: =AVERAGE('Hard Input'!$O$1243:$O$1263) -> 9077695.2
J6: Median | K6: =MEDIAN('Hard Input'!$M$1243:$M$1263) -> 5.73 | L6: =MEDIAN('Hard Input'!$O$1243:$O$1263) -> 7757600
J7: Min | K7: =MIN('Hard Input'!$M$1243:$M$1263) -> 5.59 | L7: =MIN('Hard Input'!$O$1243:$O$1263) -> 0
J8: Max | K8: =MAX('Hard Input'!$M$1243:$M$1263) -> 6.2 | L8: =MAX('Hard Input'!$O$1243:$O$1263) -> 36415100
J9: Range | K9: =CONCATENATE(K7, " - ", K8) -> 5.59 - 6.2 | L9: =CONCATENATE(L7, " - ", L8) -> 0 - 36415100
J11: Decline in Share Price | L11: ='Hard Input'!M1263/'Hard Input'!M1243 - 1 -> -0.066777963
B21: Date | C21: Open Price | D21: Target Price | E21: Upside/Downside | F21: Price Call | G21: Source
B22: 42900 | C22: 5.62 | D22: 5.2 | E22: -0.42 (7.47%) | F22: SELL | G22: AMMB
B23: 42885 | C23: 5.94 | D23: 5.15 | E23: -0.79 (13.30%) | F23: SELL | G23: UOBKayHian
B24: 42885 | C24: 5.94 | D24: 6 | E24: +0.06 (1.01%) | F24: HOLD | G24: KENANGA | H24: Up
B25: 42885 | C25: 5.94 | D25: 5.2 | E25: -0.74 (12.46%) | F25: SELL | G25: AMMB
B26: 42885 | C26: 5.94 | D26: 6 | E26: +0.06 (1.01%) | F26: HOLD | G26: Affin Hwang Capital | H26: Up
B27: 42790 | C27: 5.5 | D27: 6.1 | E27: +0.60 (10.91%) | F27: BUY | G27: TA
B28: 42790 | C28: 5.5 | D28: 5.1 | E28: -0.40 (7.27%) | F28: HOLD | G28: PUBLIC BANK
B29: 42790 | C29: 5.5 | D29: 5.66 | E29: +0.16 (2.91%) | F29: HOLD | G29: KENANGA
B30: 42790 | C30: 5.5 | D30: 5.1 | E30: -0.40 (7.27%) | F30: HOLD | G30: HLG
B31: 42761 | C31: 4.97 | D31: 5.66 | E31: +0.69 (13.88%) | F31: BUY | G31: KENANGA
B33: Current P/E at 21 Jun 2017 | E33: 10.25

Sheet 8 Aug Update

Sheet Quarterly Numbers
A2: Income Statement | I2: =B3 -> 42460 | J2: =C3 -> 42551 | K2: =D3 -> 42643 | L2: =E3 -> 42735 | M2: =F3 -> 42825
A3: Fiscal year is January-December. All values MYR Millions. | B3: 42460 | C3: 42551 | D3: 42643 | E3: 42735 | F3: 42825 | H3: Revenue | I3: =B4 -> 2214 | J3: =C4 -> 2235 | K3: =D4 -> 2200 | L3: =E4 -> 2283 | M3: =F4 -> 2224
A4: Sales/Revenue | B4: 2214 | C4: 2235 | D4: 2200 | E4: 2283 | F4: 2224 | H4: Non Op Income | I4: =B22 -> 82 | J4: =C22 -> 42 | K4: =D22 -> 100 | L4: =E22 -> 1361 | M4: =F22 -> 60
A5: Sales Growth | B5: - | C5: 0.0091 | D5: -0.0156 | E5: 0.0378 | F5: -0.0259 | H5: Profit Before Tax | I5: =B27 -> 262 | J5: =C27 -> 512 | K5: =D27 -> 520 | L5: =E27 -> 1797 | M5: =F27 -> 344
H6: Net Income | I6: =B36 -> 162 | J6: =C36 -> 476 | K6: =D36 -> 556 | L6: =E36 -> 1686 | M6: =F36 -> 324
A7: Cost of Goods Sold (COGS) incl. D&A | B7: 1615 | C7: 1554 | D7: 1590 | E7: 1690 | F7: 1684
A8: COGS excluding D&A | B8: 1427 | C8: 1376 | D8: 1394 | E8: 1451 | F8: 1436 | H8: Without Non-Op Income
A9: Depreciation & Amortization Expense | B9: 188 | C9: 178 | D9: 196 | E9: 239 | F9: 248 | H9: - Profit Before Tax | I9: =I5-I4 -> 180 | J9: =J5-J4 -> 470 | K9: =K5-K4 -> 420 | L9: =L5-L4 -> 436 | M9: =M5-M4 -> 284
A10: COGS Growth | B10: - | C10: -0.0379 | D10: 0.0235 | E10: 0.0625 | F10: -0.0033 | H10: - Net Income | I10: =I6-I4 -> 80 | J10: =J6-J4 -> 434 | K10: =K6-K4 -> 456 | L10: =L6-L4 -> 325 | M10: =M6-M4 -> 264
A12: Gross Income | B12: 599 | C12: 681 | D12: 609 | E12: 593 | F12: 540
A13: Gross Income Growth | B13: - | C13: 0.1359 | D13: -0.1048 | E13: -0.0265 | F13: -0.0902 | L13: 1Q Differential with
I14: 1Q 2017 | J14: 1Q 2016 | K14: 4Q 2016 | L14: 1Q 2016 | M14: 4Q 2016
A15: Gross Profit Margin | B15: - | C15: - | D15: - | E15: - | F15: 0.278 | H15: Margin to Revenue (%)
A16: SG&A Expense | B16: 411 | C16: 248 | D16: 277 | E16: 192 | F16: 306 | H16: - EBITDA | I16: =F50/F4 -> 0.21672662 | J16: =B50/B4 -> 0.17028004 | K16: =E50/E4 -> 0.2803329 | L16: =I16-J16 -> 0.046446583 | M16: =I16-K16 -> -0.063606277
A17: Other SG&A | B17: 411 | C17: 248 | D17: 277 | E17: 192 | F17: 306 | H17: - Profit Before Tax (With Non-Op Income) | I17: =M5/M3 -> 0.15467626 | J17: =I5/I3 -> 0.11833785 | K17: =L5/L3 -> 0.78712221 | L17: =I17-J17 -> 0.036338409 | M17: =I17-K17 -> -0.63244595
A18: SGA Growth | B18: - | C18: -0.3955 | D18: 0.1168 | E18: -0.3095 | F18: 0.5973 | H18: - Net Income (With Non-Op Income) | I18: =M6/M3 -> 0.14568345 | J18: =I6/I3 -> 0.073170732 | K18: =L6/L3 -> 0.73850197 | L18: =I18-J18 -> 0.072512722 | M18: =I18-K18 -> -0.59281852
H19: Without Non-Op Income
A20: Unusual Expense | B20: 2 | C20: 2 | D20: -43 | E20: 21 | F20: 1 | H20: - Profit Before Tax (w/o Non-Op Income) | I20: =M9/M3 -> 0.12769784 | J20: =I9/I3 -> 0.081300813 | K20: =L9/L3 -> 0.19097678 | L20: =I20-J20 -> 0.046397029 | M20: =I20-K20 -> -0.063278943
H21: - Net Income (w/o Non-Op Income) | I21: =M10/M3 -> 0.11870504 | J21: =I10/I3 -> 0.036133695 | K21: =L10/L3 -> 0.14235655 | L21: =I21-J21 -> 0.082571341 | M21: =I21-K21 -> -0.023651512
A22: Non Operating Income/Expense | B22: 82 | C22: 42 | D22: 100 | E22: 1361 | F22: 60 | H22: Growth (%)
A23: Interest Expense | B23: 25 | C23: 28 | D23: 21 | E23: 17 | F23: 19 | H23: - Revenue | J23: =M3/I3 - 1 -> 0.0045167118 | K23: =M3/L3 - 1 -> -0.025843189
A24: Interest Expense Growth | B24: - | C24: 0.0851 | D24: -0.2414 | E24: -0.1711 | F24: 0.0983 | H24: - EBITDA | J24: =F50/B50 - 1 -> 0.27851459 | K24: =F50/E50 - 1 -> -0.246875
H25: - Net Income | J25: =M10/I10 - 1 -> 2.3 | K25: =M10/L10 - 1 -> -0.18769231
A26: Gross Interest Expense | B26: 42 | C26: 49 | D26: 47 | E26: 46 | F26: 47 | H26: Debt Coverage
A27: Pretax Income | B27: 262 | C27: 512 | D27: 520 | E27: 1797 | F27: 344 | H27: Operational Cash Flow | I27: =B146/1000 -> 265.625 | J27: =F146/1000 -> 260.885 | K27: =C146/1000 -> 1003.808 | L27: =I27-J27 -> 4.74 | M27: =I27-K27 -> -738.183
A28: Pretax Income Growth | B28: - | C28: 0.9535 | D28: 0.0148 | E28: 2.4576 | F28: -0.8084 | H28: Interest Expense | I28: =F23 -> 19 | J28: =B23 -> 25 | K28: =E23 -> 17 | L28: =I28-J28 -> -6 | M28: =I28-K28 -> 2
H29: ST Debt + ST Portion of LT | I29: =B90 -> 1319 | J29: =F90 -> 1029 | K29: =C90 -> 1103 | L29: =I29-J29 -> 290 | M29: =I29-K29 -> 216
A30: Pretax Margin | B30: - | C30: - | D30: - | E30: - | F30: 0.346 | H30: ST Debt + ST Portion of LT (Divide by 4) | I30: =I29/4 -> 329.75 | J30: =J29/4 -> 257.25 | K30: =K29/4 -> 275.75
A31: Income Tax | B31: 118 | C31: 47 | D31: -13 | E31: 138 | F31: 49
H32: (Interest + ST) / Op Cash Flow | I32: =(I28+I30)/I27 -> 1.3129412 | J32: =(J28+J30)/J27 -> 1.0818943 | K32: =(K28+K30)/K27 -> 0.29163944 | L32: =I32-J32 -> 0.23104686 | M32: =I32-K32 -> 1.0213017
A33: Consolidated Net Income | B33: 144 | C33: 465 | D33: 532 | E33: 1659 | F33: 295 | H33: EBIT | I33: =F50-F9 -> 234 | J33: =B50-B9 -> 189 | K33: =E50-E9 -> 401 | L33: =I33-J33 -> 45 | M33: =I33-K33 -> -167
A34: Minority Interest Expense | B34: -17 | C34: -11 | D34: -24 | E34: -27 | F34: -29 | H34: Interest Expense | I34: =F23 -> 19 | J34: =B23 -> 25 | K34: =E23 -> 17 | L34: =I34-J34 -> -6 | M34: =I34-K34 -> 2
A36: Net Income | B36: 162 | C36: 476 | D36: 556 | E36: 1686 | F36: 324 | H36: Interest Expense/ EBIT | I36: =I34/I33 -> 0.081196581 | J36: =J34/J33 -> 0.13227513 | K36: =K34/K33 -> 0.042394015 | L36: =I36-J36 -> -0.051078551 | M36: =I36-K36 -> 0.038802566
A37: Net Income Growth | B37: - | C37: 1.9489 | D37: 0.1664 | E37: 2.0344 | F37: -0.8082
A39: Net Margin | B39: - | C39: - | D39: - | E39: - | F39: 0.3225
A40: Net Income After Extraordinaries | B40: 162 | C40: 476 | D40: 556 | E40: 1686 | F40: 324
A41: Net Income Available to Common | B41: 162 | C41: 476 | D41: 556 | E41: 1686 | F41: 324
A42: EPS (Basic) | B42: 0.03 | C42: 0.08 | D42: 0.1 | E42: 0.3 | F42: 0.06
A43: EPS (Basic) Growth | B43: - | C43: 1.9441 | D43: 0.1663 | E43: 2.0356 | F43: -0.8081
A45: Basic Shares Outstanding | B45: 5656 | C45: 5658 | D45: 5658 | E45: 5657 | F45: 5658
A46: EPS (Diluted) | B46: 0.03 | C46: 0.08 | D46: 0.1 | E46: 0.3 | F46: 0.06
A47: EPS (Diluted) Growth | B47: - | C47: 1.9478 | D47: 0.1665 | E47: 2.0297 | F47: -0.808
A49: Diluted Shares Outstanding | B49: 5661 | C49: 5664 | D49: 5663 | E49: 5672 | F49: 5667
A50: EBITDA | B50: 377 | C50: 610 | D50: 528 | E50: 640 | F50: 482
A51: EBITDA Growth | B51: - | C51: 0.6198 | D51: -0.1339 | E51: 0.2121 | F51: -0.2471
A53: EBITDA Margin | B53: - | C53: - | D53: - | E53: - | F53: 0.2578
A55: Balance Sheet
A57: Fiscal year is January-December. All values MYR Millions. | B57: 42825 | C57: 42735 | D57: 42643 | E57: 42551 | F57: 42460
A58: Cash & Short Term Investments | B58: 7199 | C58: 5455 | D58: 4275 | E58: 4845 | F58: 5034
A59: Cash Only | B59: 6719 | C59: 4891 | D59: 3714 | E59: 4286 | F59: 4478
A60: Cash & Short Term Investments Growth | B60: 0.3198 | C60: 0.276 | D60: -0.1177 | E60: -0.0376 | F60: -
A62: Cash & ST Investments / Total Assets | B62: 0.2398 | C62: 0.1951 | D62: 0.159 | E62: 0.1829 | F62: 0.1941
A63: Total Accounts Receivable | B63: 545 | C63: 300 | D63: 649 | E63: 553 | F63: 556
A64: Other Receivables | B64: 9 | C64: -267 | D64: 9 | E64: 10 | F64: 10
A66: Accounts Receivable Growth | B66: 0.8162 | C66: -0.5374 | D66: 0.174 | E66: -0.0061 | F66: -
A68: Accounts Receivable Turnover | B68: 4.08 | C68: 7.6 | D68: 3.39 | E68: 4.04 | F68: 3.98
A69: Inventories | B69: 106 | C69: 98 | D69: 98 | E69: 96 | F69: 101
A70: Other Current Assets | B70: - | C70: 276 | D70: 1621 | E70: 1695 | F70: 1781
A71: Prepaid Expenses | B71: - | C71: 234 | D71: - | E71: - | F71: -
A72: Miscellaneous Current Assets | B72: - | C72: 42 | D72: 1621 | E72: 1695 | F72: 1781
A73: Total Current Assets | B73: 7851 | C73: 6129 | D73: 6642 | E73: 7189 | F73: 7472
A74: Net Property, Plant & Equipment | B74: 12720 | C74: 12527 | D74: 11412 | E74: 10696 | F74: 10114
A75: Property, Plant & Equipment - Gross | B75: - | C75: 18358 | D75: - | E75: - | F75: -
A76: Construction in Progress | B76: - | C76: 3066 | D76: - | E76: - | F76: -
A77: Accumulated Depreciation | B77: - | C77: 5830 | D77: - | E77: - | F77: -
A78: Total Investments and Advances | B78: 2405 | C78: 2421 | D78: 2212 | E78: 2209 | F78: 2184
A79: Other Long-Term Investments | B79: 2405 | C79: 2421 | D79: 2212 | E79: 2209 | F79: 2184
A80: Intangible Assets | B80: 4989 | C80: 5036 | D80: 4797 | E80: 4762 | F80: 4774
A81: Net Goodwill | B81: - | C81: 469 | D81: - | E81: - | F81: -
A82: Net Other Intangibles | B82: - | C82: 4568 | D82: - | E82: - | F82: -
A83: Other Assets | B83: 1952 | C83: 1659 | D83: 1623 | E83: 1426 | F83: 1235
A84: Total Assets | B84: 30018 | C84: 27958 | D84: 26883 | E84: 26486 | F84: 25932
A85: Assets - Total - Growth | B85: 0.0737 | C85: 0.04 | D85: 0.015 | E85: 0.0214 | F85: -
A86: Asset Turnover | B86: 0.32 | C86: - | D86: - | E86: - | F86: -
A87: Return On Average Assets | B87: 0.1037 | C87: - | D87: - | E87: - | F87: -
A89: All values MYR Millions. | B89: 42825 | C89: 42735 | D89: 42643 | E89: 42551 | F89: 42460
A90: ST Debt & Current Portion LT Debt | B90: 1319 | C90: 1103 | D90: 794 | E90: 747 | F90: 1029
A91: Short Term Debt | B91: 1319 | C91: 1103 | D91: 794 | E91: 747 | F91: 1029
A92: Accounts Payable | B92: 2303 | C92: 442 | D92: 2562 | E92: 2470 | F92: 2273
A93: Accounts Payable Growth | B93: 4.2105 | C93: -0.8275 | D93: 0.0373 | E93: 0.0864 | F93: -
A95: Income Tax Payable | B95: 16 | C95: 4 | D95: 7 | E95: 52 | F95: 52
A96: Other Current Liabilities | B96: 134 | C96: 2482 | D96: 339 | E96: 418 | F96: 179
A97: Miscellaneous Current Liabilities | B97: 134 | C97: 2482 | D97: 169 | E97: 175 | F97: 179
A98: Total Current Liabilities | B98: 3772 | C98: 4032 | D98: 3701 | E98: 3687 | F98: 3533
A99: Current Ratio | B99: 2.08 | C99: 1.52 | D99: 1.79 | E99: 1.95 | F99: 2.11
A100: Quick Ratio | B100: 2.05 | C100: 1.5 | D100: 1.77 | E100: 1.92 | F100: 2.09
A101: Cash Ratio | B101: 1.91 | C101: 1.35 | D101: 1.15 | E101: 1.31 | F101: 1.42
A102: Long-Term Debt | B102: 5788 | C102: 3223 | D102: 3819 | E102: 3833 | F102: 3644
A103: Long-Term Debt excl. Capitalized Leases | B103: 5788 | C103: 3223 | D103: 3819 | E103: 3833 | F103: 3644
A104: Deferred Taxes | B104: 567 | C104: 551 | D104: 416 | E104: 406 | F104: 453
A105: Deferred Taxes - Credit | B105: 669 | C105: 737 | D105: 613 | E105: 611 | F105: 604
A106: Deferred Taxes - Debit | B106: 101 | C106: 186 | D106: 197 | E106: 204 | F106: 152
... A114: Retained Earnings | B114: 16719 | C114: 16808 | D114: 15135 | E114: 14749 | F114: 14516
A115: Cumulative Translation Adjustment/Unrealized For. Exch. Gain | B115: - | C115: 2197 | D115: - | E115: - | F115: -
A116: Unrealized Gain/Loss Marketable Securities | B116: - | C116: - | D116: 813 | E116: 905 | F116: 1050
A117: Other Appropriated Reserves | B117: -3 | C117: -1 | D117: -4 | E117: -5 | F117: -5
A119: Treasury Stock | B119: -933 | C119: -957 | D119: -955 | E119: -955 | F119: -952
A121: Common Equity / Total Assets | B121: 0.6568 | C121: 0.7105 | D121: 0.6935 | E121: 0.6881 | F121: 0.6942
A122: Total Shareholders' Equity | B122: 19714 | C122: 19865 | D122: 18644 | E122: 18226 | F122: 18001
A123: Total Shareholders' Equity / Total Assets | B123: 0.6568 | C123: 0.7105 | D123: 0.6935 | E123: 0.6881 | F123: 0.6942
...

Sheet Share Price
A1: Date | B1: Open | C1: High | D1: Low | E1: Close | F1: Volume
A2: 06/21/17 | B2: 5.59 | C2: 5.6 | D2: 5.49 | E2: 5.5 | F2: 7682300
A3: 06/22/17 | B3: 5.51 | C3: 5.6 | D3: 5.5 | E3: 5.56 | F3: 7918600
A4: 06/23/17 | B4: 5.57 | C4: 5.87 | D4: 5.56 | E4: 5.83 | F4: 10414800
A5: 06/28/17 | B5: 5.82 | C5: 5.83 | D5: 5.59 | E5: 5.59 | F5: 8182200
A6: 06/29/17 | B6: 5.63 | C6: 5.67 | D6: 5.58 | E6: 5.58 | F6: 4149400
A7: 06/30/17 | B7: 5.55 | C7: 5.59 | D7: 5.46 | E7: 5.5 | F7: 12936200
A8: 42801 | B8: 5.5 | C8: 5.63 | D8: 5.5 | E8: 5.63 | F8: 3943900
A9: 42832 | B9: 5.6 | C9: 5.63 | D9: 5.57 | E9: 5.62 | F9: 1969700
A10: 42862 | B10: 5.62 | C10: 5.67 | D10: 5.62 | E10: 5.66 | F10: 4492700
A11: 42893 | B11: 5.66 | C11: 5.76 | D11: 5.65 | E11: 5.76 | F11: 6210400
A12: 42923 | B12: 5.76 | C12: 5.76 | D12: 5.65 | E12: 5.66 | F12: 2391000
A13: 43015 | B13: 5.65 | C13: 5.67 | D13: 5.58 | E13: 5.61 | F13: 4236000
A14: 43046 | B14: 5.61 | C14: 5.67 | D14: 5.59 | E14: 5.65 | F14: 5211600
A15: 43076 | B15: 5.65 | C15: 5.69 | D15: 5.65 | E15: 5.67 | F15: 2016700
A16: 07/13/17 | B16: 5.7 | C16: 5.73 | D16: 5.69 | E16: 5.7 | F16: 3779600
A17: 07/14/17 | B17: 5.72 | C17: 5.75 | D17: 5.7 | E17: 5.74 | F17: 2087800
A18: 07/17/17 | B18: 5.74 | C18: 5.78 | D18: 5.73 | E18: 5.76 | F18: 1787200
A19: 07/18/17 | B19: 5.76 | C19: 5.77 | D19: 5.72 | E19: 5.75 | F19: 3019800 | H19: MYR | I19: Share Price
A20: 07/19/17 | B20: 5.75 | C20: 5.82 | D20: 5.75 | E20: 5.82 | F20: 5174700 | H20: Average | I20: =AVERAGE(E2:E36) -> 5.8277143
A21: 07/20/17 | B21: 5.82 | C21: 5.9 | D21: 5.8 | E21: 5.88 | F21: 6523700 | H21: Median | I21: =MEDIAN(E2:E36) -> 5.82
A22: 07/21/17 | B22: 5.88 | C22: 5.98 | D22: 5.82 | E22: 5.98 | F22: 4960700 | H22: Min | I22: =MIN(E2:E36) -> 5.5
A23: 07/24/17 | B23: 5.98 | C23: 6.05 | D23: 5.95 | E23: 6.05 | F23: 4216500 | H23: Max | I23: =MAX(E2:E36) -> 6.13
A24: 07/25/17 | B24: 6.06 | C24: 6.19 | D24: 6.05 | E24: 6.13 | F24: 6115500 | H24: Return
A25: 07/26/17 | B25: 6.13 | C25: 6.17 | D25: 6.03 | E25: 6.1 | F25: 5744500 | H25: - 1 Month | I25: =E36/E13 - 1 -> 0.046345811
A26: 07/27/17 | B26: 6.09 | C26: 6.13 | D26: 5.96 | E26: 6.11 | F26: 3463800 | H26: - YTD | I26: ='Share Price'!E36/'Hard Input'!N1152 - 1 -> 0.28165939
A27: 07/28/17 | B27: 6.11 | C27: 6.11 | D27: 5.96 | E27: 5.99 | F27: 4282800 | H27: - Coverage Start | I27: ='Share Price'!E36/'Hard Input'!N1243 - 1 -> -0.0099874891
A28: 07/31/17 | B28: 5.97 | C28: 6.06 | D28: 5.96 | E28: 6 | F28: 4365800
A29: 42743 | B29: 6.1 | C29: 6.13 | D29: 6.05 | E29: 6.1 | F29: 8538700
A30: 42774 | B30: 6.1 | C30: 6.13 | D30: 6.02 | E30: 6.06 | F30: 4882700
A31: 42802 | B31: 6.08 | C31: 6.12 | D31: 6.06 | E31: 6.1 | F31: 5326400
A32: 42833 | B32: 6.1 | C32: 6.11 | D32: 6.05 | E32: 6.05 | F32: 2365000
A33: 42924 | B33: 6.08 | C33: 6.08 | D33: 6.03 | E33: 6.05 | F33: 3020500
A34: 42955 | B34: 6.07 | C34: 6.09 | D34: 5.99 | E34: 5.99 | F34: 3966600
A35: 42986 | B35: 5.99 | C35: 6.02 | D35: 5.91 | E35: 5.92 | F35: 4468900
A36: 43016 | B36: 5.92 | C36: 5.99 | D36: 5.85 | E36: 5.87 | F36: 2717700
A38: Date | B38: Open Price | C38: Target Price | D38: Upside/Downside | E38: Price Call | F38: Source | G38: News
A39: 42933 | B39: 5.74 | C39: 5.5 | D39: -0.24 (4.18%) | E39: HOLD | F39: PUBLIC BANK
A40: 42926 | B40: 5.65 | C40: 5.5 | D40: -0.15 (2.65%) | E40: HOLD | F40: PUBLIC BANK
A41: 42908 | B41: 5.52 | C41: 5.15 | D41: -0.37 (6.70%) | E41: HOLD | F41: UOBKayHian
A42: 42900 | B42: 5.62 | C42: 5.2 | D42: -0.42 (7.47%) | E42: SELL | F42: AMMB
A43: 42885 | B43: 5.94 | C43: 5.15 | D43: -0.79 (13.30%) | E43: SELL | F43: UOBKayHian
A44: 42885 | B44: 5.94 | C44: 5.4 | D44: -0.54 (9.09%) | E44: HOLD | F44: MAYBANK
A45: 42885 | B45: 5.94 | C45: 6 | D45: +0.06 (1.01%) | E45: HOLD | F45: KENANGA
A46: 42885 | B46: 5.94 | C46: 5.2 | D46: -0.74 (12.46%) | E46: SELL | F46: AMMB
A47: 42885 | B47: 5.94 | C47: 6 | D47: +0.06 (1.01%) | E47: HOLD | F47: Affin Hwang Capital
A48: 42870 | B48: 5.81 | C48: 5.4 | D48: -0.41 (7.06%) | E48: HOLD | F48: MAYBANK
A49: 42825 | B49: 5.56 | C49: 5.3 | D49: -0.26 (4.68%) | E49: HOLD | F49: MAYBANK
A50: 42790 | B50: 5.5 | C50: 6.1 | D50: +0.60 (10.91%) | E50: BUY | F50: TA
... A54: 42790 | B54: 5.5 | C54: 5.1 | D54: -0.40 (7.27%) | E54: HOLD | F54: HLG

Sheet Oct Update

Sheet Share Price 2
A1: Date | B1: Open | C1: High | D1: Low | E1: Close | F1: Volume
A2: 08/28/17 | B2: 5.8 | C2: 5.8 | D2: 5.61 | E2: 5.63 | F2: 12104400
A3: 08/29/17 | B3: 5.69 | C3: 5.82 | D3: 5.65 | E3: 5.8 | F3: 10840700
A4: 08/30/17 | B4: 5.8 | C4: 5.88 | D4: 5.79 | E4: 5.87 | F4: 6580000
A5: 42864 | B5: 5.8 | C5: 5.88 | D5: 5.8 | E5: 5.82 | F5: 5067200
A6: 42895 | B6: 5.82 | C6: 5.98 | D6: 5.8 | E6: 5.96 | F6: 3872200
A7: 42925 | B7: 5.96 | C7: 5.96 | D7: 5.87 | E7: 5.95 | F7: 3544100
A8: 42956 | B8: 5.92 | C8: 5.94 | D8: 5.85 | E8: 5.86 | F8: 7097500
A9: 43048 | B9: 5.85 | C9: 5.92 | D9: 5.82 | E9: 5.9 | F9: 5056700
A10: 43078 | B10: 5.9 | C10: 5.94 | D10: 5.84 | E10: 5.9 | F10: 6812700
A11: 09/13/17 | B11: 5.85 | C11: 5.89 | D11: 5.75 | E11: 5.75 | F11: 6033200
A12: 09/14/17 | B12: 5.75 | C12: 5.82 | D12: 5.68 | E12: 5.68 | F12: 8694800
A13: 09/15/17 | B13: 5.69 | C13: 5.82 | D13: 5.69 | E13: 5.82 | F13: 6057000
A14: 09/18/17 | B14: 5.76 | C14: 5.81 | D14: 5.7 | E14: 5.7 | F14: 3191100
A15: 09/19/17 | B15: 5.71 | C15: 5.71 | D15: 5.6 | E15: 5.61 | F15: 7898700
A16: 09/20/17 | B16: 5.63 | C16: 5.69 | D16: 5.62 | E16: 5.69 | F16: 3525800
A17: 09/21/17 | B17: 5.68 | C17: 5.68 | D17: 5.6 | E17: 5.6 | F17: 3895100
A18: 09/25/17 | B18: 5.6 | C18: 5.63 | D18: 5.51 | E18: 5.53 | F18: 5486900 | H18: MYR | I18: Share Price
A19: 09/26/17 | B19: 5.54 | C19: 5.57 | D19: 5.4 | E19: 5.42 | F19: 7233000 | H19: Average | I19: =AVERAGE(E2:E41) -> 5.496
A20: 09/27/17 | B20: 5.43 | C20: 5.48 | D20: 5.42 | E20: 5.42 | F20: 3201400 | H20: Median | I20: =MEDIAN(E2:E41) -> 5.445
A21: 09/28/17 | B21: 5.43 | C21: 5.45 | D21: 5.32 | E21: 5.32 | F21: 6341000 | H21: Min | I21: =MIN(E2:E41) -> 5
A22: 09/29/17 | B22: 5.33 | C22: 5.43 | D22: 5.33 | E22: 5.38 | F22: 7703400 | H22: Max | I22: =MAX(E2:E41) -> 5.96
A23: 42776 | B23: 5.38 | C23: 5.41 | D23: 5.3 | E23: 5.3 | F23: 4541300 | H23: Return
A24: 42804 | B24: 5.33 | C24: 5.54 | D24: 5.33 | E24: 5.47 | F24: 6441900 | H24: - 2 Month | I24: =E41/E2 - 1 -> -0.10834813
A25: 42835 | B25: 5.5 | C25: 5.54 | D25: 5.45 | E25: 5.5 | F25: 1791500 | H25: - YTD | I25: =E41/'Hard Input'!M1152 - 1 -> 0.096069869
A26: 42865 | B26: 5.5 | C26: 5.53 | D26: 5.38 | E26: 5.39 | F26: 6389900 | H26: - Coverage Start | I26: =E41/'Hard Input'!N1243 - 1 -> -0.15334535
A27: 42896 | B27: 5.37 | C27: 5.4 | D27: 5.35 | E27: 5.38 | F27: 7806300
A28: 42988 | B28: 5.38 | C28: 5.5 | D28: 5.35 | E28: 5.47 | F28: 6753200
A29: 43018 | B29: 5.47 | C29: 5.49 | D29: 5.35 | E29: 5.36 | F29: 5660800 | H29: Date | I29: Open Price | J29: Target Price | K29: Upside/Downside | L29: Price Call | M29: Source
A30: 43049 | B30: 5.36 | C30: 5.37 | D30: 5.25 | E30: 5.27 | F30: 15932500 | H30: 43003 | I30: 5.6 | J30: 5.15 | K30: -0.45 (8.04%) | L30: HOLD | M30: UOBKayHian
A31: 43079 | B31: 5.3 | C31: 5.3 | D31: 5.22 | E31: 5.27 | F31: 6959600 | H31: 42972 | I31: 5.93 | J31: 5.15 | K31: -0.78 (13.15%) | L31: SELL | M31: UOBKayHian
A32: 10/13/17 | B32: 5.28 | C32: 5.3 | D32: 5.24 | E32: 5.26 | F32: 5295100 | H32: 42972 | I32: 5.93 | J32: 5.5 | K32: -0.43 (7.25%) | L32: HOLD | M32: PUBLIC BANK
A33: 10/16/17 | B33: 5.28 | C33: 5.38 | D33: 5.27 | E33: 5.37 | F33: 7394400 | H33: 42972 | I33: 5.93 | J33: 6 | K33: +0.07 (1.18%) | L33: HOLD | M33: MAYBANK
A34: 10/17/17 | B34: 5.37 | C34: 5.4 | D34: 5.32 | E34: 5.32 | F34: 5060500 | H34: 42972 | I34: 5.93 | J34: 6 | K34: +0.07 (1.18%) | L34: HOLD | M34: KENANGA
A35: 10/19/17 | B35: 5.33 | C35: 5.35 | D35: 5.24 | E35: 5.24 | F35: 4674600 | H35: 42972 | I35: 5.93 | J35: 5.2 | K35: -0.73 (12.31%) | L35: SELL | M35: AMMB
A36: 10/20/17 | B36: 5.26 | C36: 5.29 | D36: 5.23 | E36: 5.23 | F36: 1788100 | H36: 42972 | I36: 5.93 | J36: 5.77 | K36: -0.16 (2.70%) | L36: HOLD | M36: Affin Hwang Capital
A37: 10/23/17 | B37: 5.26 | C37: 5.26 | D37: 5.11 | E37: 5.12 | F37: 4704200 | H37: 42933 | I37: 5.74 | J37: 5.5 | K37: -0.24 (4.18%) | L37: HOLD | M37: PUBLIC BANK
A38: 10/24/17 | B38: 5.16 | C38: 5.18 | D38: 5 | E38: 5 | F38: 8381100 | H38: 42926 | I38: 5.65 | J38: 5.5 | K38: -0.15 (2.65%) | L38: HOLD | M38: PUBLIC BANK
A39: 10/25/17 | B39: 5.02 | C39: 5.15 | D39: 5.02 | E39: 5.13 | F39: 8804700 | H39: 42908 | I39: 5.52 | J39: 5.15 | K39: -0.37 (6.70%) | L39: HOLD | M39: UOBKayHian
A40: 10/26/17 | B40: 5.15 | C40: 5.19 | D40: 5.11 | E40: 5.13 | F40: 14947900 | H40: Average | J40: =AVERAGE(J30,J32,J33,J34,J35,J36,J37) -> 5.5885714
A41: 10/27/17 | B41: 5.12 | C41: 5.15 | D41: 5.01 | E41: 5.02 | F41: 20230800

Sheet Quarterly Numbers (Q2)
A1: iscal year is January-December. All values MYR Millions. | B1: 42551 | C1: 42643 | D1: 42735 | E1: 42825 | F1: 42916 | I1: 2Q 2016 | J1: 3Q 2016 | K1: 4Q 2016 | L1: 1Q 2017 | M1: 2Q 2017
A2: Sales/Revenue | B2: 2235 | C2: 2200 | D2: 2283 | E2: 2224 | F2: 2292 | H2: Growth (%)
A3: Sales Growth | B3: - | C3: -0.0156 | D3: 0.0378 | E3: -0.0259 | F3: 0.0305 | H3: - Revenue + Non-Op | M3: =F55/B55 - 1 -> 0.025503356
H4: - EBITDA (w/o Non-Op) | M4: =F56/B56 - 1 -> -0.19344262
A5: Cost of Goods Sold (COGS) incl. D&A | B5: 1554 | C5: 1590 | D5: 1690 | E5: 1684 | F5: 1763 | H5: - Net Income (w/o Non-Op) | M5: =F58/B58 - 1 -> -0.56682028
A6: COGS excluding D&A | B6: 1376 | C6: 1394 | D6: 1451 | E6: 1436 | F6: 1509 | H6: - Op Cash Flow | M6: =F152/B152 - 1 -> -0.25693376
A7: Depreciation & Amortization Expense | B7: 178 | C7: 196 | D7: 239 | E7: 248 | F7: 253 | H7: Margin to Revenue (%)
A8: COGS Growth | B8: - | C8: 0.0235 | D8: 0.0625 | E8: -0.0033 | F8: 0.0466 | H8: - EBITDA | I8: =B50/B2 -> 0.27293065 | J8: =C50/C2 -> 0.24 | K8: =D50/D2 -> 0.2803329 | L8: =E50/E2 -> 0.21672662 | M8: =F50/F2 -> 0.21465969
H9: - Net Income (With Non-Op Income) | I9: =B36/B2 -> 0.21297539 | J9: =C36/C2 -> 0.25272727 | K9: =D36/D2 -> 0.73850197 | L9: =E36/E2 -> 0.14568345 | M9: =F36/F2 -> 0.084205934
A10: Gross Income | B10: 681 | C10: 609 | D10: 593 | E10: 540 | F10: 529 | H10: Margin to Revenue (%)
A11: Gross Income Growth | B11: - | C11: -0.1048 | D11: -0.0265 | E11: -0.0902 | F11: -0.02 | H11: - EBITDA | I11: =B56/B55 -> 0.27293065 | J11: =C56/C55 -> 0.24 | K11: =D56/D55 -> 0.2803329 | L11: =E56/E55 -> 0.21672662 | M11: =F56/F55 -> 0.21465969
H12: - Net Income (w/o Non-Op Income) | I12: =B58/B55 -> 0.19418345 | J12: =C58/C55 -> 0.20727273 | K12: =D58/D55 -> 0.14235655 | L12: =E58/E55 -> 0.11870504 | M12: =F58/F55 -> 0.082024433
A13: Gross Profit Margin | B13: - | C13: - | D13: - | E13: - | F13: 0.278 | H13: Debt Coverage
A14: SG&A Expense | B14: 248 | C14: 277 | D14: 192 | E14: 306 | F14: 336 | H14: Operational Cash Flow | I14: =B152/1000 -> 711.086 | J14: =C152/1000 -> 392.221 | K14: =D152/1000 -> 1003.808 | L14: =E152/1000 -> 265.625 | M14: =F152/1000 -> 528.384
A15: Other SG&A | B15: 248 | C15: 277 | D15: 192 | E15: 306 | F15: 336 | H15: Interest Expense | I15: =B23 -> 28 | J15: =C23 -> 21 | K15: =D23 -> 17 | L15: =E23 -> 19 | M15: =F23 -> 31
A16: SGA Growth | B16: - | C16: 0.1168 | D16: -0.3095 | E16: 0.5973 | F16: 0.0977 | H16: ST Debt + ST Portion of LT | I16: =B97 -> 747 | J16: =C97 -> 794 | K16: =D97 -> 1103 | L16: =E97 -> 1319 | M16: =F97 -> 980
H17: ST Debt + ST Portion of LT (Divide by 4) | I17: =I16/4 -> 186.75 | J17: =J16/4 -> 198.5 | K17: =K16/4 -> 275.75 | L17: =L16/4 -> 329.75 | M17: =M16/4 -> 245
A18: Other Operating Expense | B18: - | C18: - | D18: - | E18: - | F18: -45
H19: (Interest + ST) / Op Cash Flow | I19: =(I15+I17)/I14 -> 0.30200285 | J19: =(J15+J17)/J14 -> 0.55963347 | K19: =(K15+K17)/K14 -> 0.29163944 | L19: =(L15+L17)/L14 -> 1.3129412 | M19: =(M15+M17)/M14 -> 0.52234738
A20: Unusual Expense | B20: 2 | C20: -43 | D20: 21 | E20: 1 | F20: 39 | H20: EBIT | I20: =B50-B7 -> 432 | J20: =C50-C7 -> 332 | K20: =D50-D7 -> 401 | L20: =E50-E7 -> 234 | M20: =F50-F7 -> 239
H21: Interest Expense | I21: =I15 -> 28 | J21: =J15 -> 21 | K21: =K15 -> 17 | L21: =L15 -> 19 | M21: =M15 -> 31
A22: Non Operating Income/Expense | B22: 42 | C22: 100 | D22: 1361 | E22: 60 | F22: 5
A23: Interest Expense | B23: 28 | C23: 21 | D23: 17 | E23: 19 | F23: 31 | H23: Interest Expense/ EBIT | I23: =I21/I20 -> 0.064814815 | J23: =J21/J20 -> 0.063253012 | K23: =K21/K20 -> 0.042394015 | L23: =L21/L20 -> 0.081196581 | M23: =M21/M20 -> 0.12970711
A24: Interest Expense Growth | B24: - | C24: -0.2414 | D24: -0.1711 | E24: 0.0983 | F24: 0.6136 | H24: Cash to P&L Comparison
H25: - EBITDA (without Non-Op) | I25: =B56 -> 610 | J25: =C56 -> 528 | K25: =D56 -> 640 | L25: =E56 -> 482 | M25: =F56 -> 492
A26: Gross Interest Expense | B26: 49 | C26: 47 | D26: 46 | E26: 47 | F26: 61 | H26: - Net Income (without Non-Op) | I26: =B58 -> 434 | J26: =C58 -> 456 | K26: =D58 -> 325 | L26: =E58 -> 264 | M26: =F58 -> 188
A27: Pretax Income | B27: 512 | C27: 520 | D27: 1797 | E27: 344 | F27: 247 | H27: - Op Cash Flow | I27: =B152/1000 -> 711.086 | J27: =C152/1000 -> 392.221 | K27: =D152/1000 -> 1003.808 | L27: =E152/1000 -> 265.625 | M27: =F152/1000 -> 528.384
A28: Pretax Income Growth | B28: - | C28: 0.0148 | D28: 2.4576 | E28: -0.8084 | F28: -0.2833 | H28: - Free Cash Flow Minus Investing Cash | I28: =(B262-B227)/1000 -> 810.854 | J28: =(C262-C227)/1000 -> 448.407 | K28: =(D262-D227)/1000 -> -721.011 | L28: =(E262-E227)/1000 -> 183.792 | M28: =(F262-F227)/1000 -> 381.436
A30: Pretax Margin | B30: - | C30: - | D30: - | E30: - | F30: 0.346 | H30: Op Cash Flow to EBITDA (%) | I30: =I27/I25 -> 1.1657148 | J30: =J27/J25 -> 0.7428428 | K30: =K27/K25 -> 1.56845 | L30: =L27/L25 -> 0.55108921 | M30: =M27/M25 -> 1.0739512
A31: Income Tax | B31: 47 | C31: -13 | D31: 138 | E31: 49 | F31: 73 | H31: FCF - Investing Cash to Net Income | I31: =I28/I26 -> 1.8683272 | J31: =J28/J26 -> 0.98334868 | K31: =K28/K26 -> -2.2184954 | L31: =L28/L26 -> 0.69618182 | M31: =M28/M26 -> 2.0289149
A33: Consolidated Net Income | B33: 465 | C33: 532 | D33: 1659 | E33: 295 | F33: 174 | H33: Total EBITDA | I33: =SUM(I25:M25) -> 2752
A34: Minority Interest Expense | B34: -11 | C34: -24 | D34: -27 | E34: -29 | F34: -20 | H34: Total Op Cash Flow | I34: =SUM(I27:M27) -> 2901.124
H35: Cover of Op Cash to EBITDA | I35: =I34/I33 -> 1.0541875
A36: Net Income | B36: 476 | C36: 556 | D36: 1686 | E36: 324 | F36: 193 | H36: Cost to Revenue
A37: Net Income Growth | B37: - | C37: 0.1664 | D37: 2.0344 | E37: -0.8082 | F37: -0.4021 | H37: - COGS | I37: =B6/B2 -> 0.61565996 | J37: =C6/C2 -> 0.63363636 | K37: =D6/D2 -> 0.63556724 | L37: =E6/E2 -> 0.64568345 | M37: =F6/F2 -> 0.65837696
A39: Net Margin | B39: - | C39: - | D39: - | E39: - | F39: 0.3225
A40: Net Income After Extraordinaries | B40: 476 | C40: 556 | D40: 1686 | E40: 324 | F40: 193 | H40: Implied Tax Rate | I40: =B31/B27 -> 0.091796875 | J40: =C31/C27 -> -0.025 | K40: =D31/D27 -> 0.076794658 | L40: =E31/E27 -> 0.14244186 | M40: =F31/F27 -> 0.29554656
A41: Net Income Available to Common | B41: 476 | C41: 556 | D41: 1686 | E41: 324 | F41: 193
A42: EPS (Basic) | B42: 0.08 | C42: 0.1 | D42: 0.3 | E42: 0.06 | F42: 0.03
A43: EPS (Basic) Growth | B43: - | C43: 0.1663 | D43: 2.0356 | E43: -0.8081 | F43: -0.4021
A45: Basic Shares Outstanding | B45: 5658 | C45: 5658 | D45: 5657 | E45: 5658 | F45: 5663
A46: EPS (Diluted) | B46: 0.08 | C46: 0.1 | D46: 0.3 | E46: 0.06 | F46: 0.03
A47: EPS (Diluted) Growth | B47: - | C47: 0.1665 | D47: 2.0297 | E47: -0.808 | F47: -0.4026
A49: Diluted Shares Outstanding | B49: 5664 | C49: 5663 | D49: 5672 | E49: 5667 | F49: 5672
A50: EBITDA | B50: 610 | C50: 528 | D50: 640 | E50: 482 | F50: 492
A51: EBITDA Growth | B51: - | C51: -0.1339 | D51: 0.2121 | E51: -0.2471 | F51: 0.0196
A53: EBITDA Margin | B53: - | C53: - | D53: - | E53: - | F53: 0.2578
A55: Revenue | B55: =B2 -> 2235 | C55: =C2 -> 2200 | D55: =D2 -> 2283 | E55: =E2 -> 2224 | F55: =F2 -> 2292
A56: EBITDA (w/o Non-Op) | B56: =B50 -> 610 | C56: =C50 -> 528 | D56: =D50 -> 640 | E56: =E50 -> 482 | F56: =F50 -> 492
A57: PBT (w/o Non-Op) | B57: =B27-B22 -> 470 | C57: =C27-C22 -> 420 | D57: =D27-D22 -> 436 | E57: =E27-E22 -> 284 | F57: =F27-F22 -> 242
A58: Net Income (w/o Non-Op) | B58: =B36-B22 -> 434 | C58: =C36-C22 -> 456 | D58: =D36-D22 -> 325 | E58: =E36-E22 -> 264 | F58: =F36-F22 -> 188
A61: Fiscal year is January-December. All values MYR Millions. | B61: 42551 | C61: 42643 | D61: 42735 | E61: 42825 | F61: 42916
A62: Cash & Short Term Investments | B62: 4845 | C62: 4275 | D62: 5455 | E62: 7199 | F62: 6871
A63: Cash Only | B63: 4286 | C63: 3714 | D63: 4891 | E63: 6719 | F63: 6522
A64: Cash & Short Term Investments Growth | B64: - | C64: -0.1177 | D64: 0.276 | E64: 0.3198 | F64: -0.0455
A66: Cash & ST Investments / Total Assets | B66: 0.1829 | C66: 0.159 | D66: 0.1951 | E66: 0.2398 | F66: 0.2306
A67: Total Accounts Receivable | B67: 553 | C67: 649 | D67: 300 | E67: 545 | F67: 568
A68: Other Receivables | B68: 10 | C68: 9 | D68: -267 | E68: 9 | F68: 8
A70: Accounts Receivable Growth | B70: - | C70: 0.174 | D70: -0.5374 | E70: 0.8162 | F70: 0.0417
A72: Accounts Receivable Turnover | B72: 4.04 | C72: 3.39 | D72: 7.6 | E72: 4.08 | F72: 4.03
A73: Inventories | B73: 96 | C73: 98 | D73: 98 | E73: 106 | F73: 109
A74: Other Current Assets | B74: 1695 | C74: 1621 | D74: 276 | E74: - | F74: -
A75: Prepaid Expenses | B75: - | C75: - | D75: 234 | E75: - | F75: -
A76: Miscellaneous Current Assets | B76: 1695 | C76: 1621 | D76: 42 | E76: - | F76: -
A77: Total Current Assets | B77: 7189 | C77: 6642 | D77: 6129 | E77: 7851 | F77: 7549
A78: Net Property, Plant & Equipment | B78: 10696 | C78: 11412 | D78: 12527 | E78: 12720 | F78: 13229
A79: Property, Plant & Equipment - Gross | B79: - | C79: - | D79: 18358 | E79: - | F79: -
A80: Construction in Progress | B80: - | C80: - | D80: 3066 | E80: - | F80: -
A81: Accumulated Depreciation | B81: - | C81: - | D81: 5830 | E81: - | F81: -
A82: Total Investments and Advances | B82: 2209 | C82: 2212 | D82: 2421 | E82: 2405 | F82: 2347
A83: Other Long-Term Investments | B83: 2209 | C83: 2212 | D83: 2421 | E83: 2405 | F83: 2347
A84: Intangible Assets | B84: 4762 | C84: 4797 | D84: 5036 | E84: 4989 | F84: 4845
A85: Net Goodwill | B85: - | C85: - | D85: 469 | E85: - | F85: -
A86: Net Other Intangibles | B86: - | C86: - | D86: 4568 | E86: - | F86: -
A87: Other Assets | B87: 1426 | C87: 1623 | D87: 1659 | E87: 1952 | F87: 1738
A88: Total Assets | B88: 26486 | C88: 26883 | D88: 27958 | E88: 30018 | F88: 29799
A89: Assets - Total - Growth | B89: - | C89: 0.015 | D89: 0.04 | E89: 0.0737 | F89: -0.0073
A91: Asset Turnover | B91: - | C91: - | D91: - | E91: - | F91: 0.32
A92: Return On Average Assets | B92: - | C92: - | D92: - | E92: - | F92: 0.1037
A96: All values MYR Millions. | B96: 42551 | C96: 42643 | D96: 42735 | E96: 42825 | F96: 42916
A97: ST Debt & Current Portion LT Debt | B97: 747 | C97: 794 | D97: 1103 | E97: 1319 | F97: 980
A98: Short Term Debt | B98: 747 | C98: 794 | D98: 1103 | E98: 1319 | F98: 980
A99: Accounts Payable | B99: 2470 | C99: 2562 | D99: 442 | E99: 2303 | F99: 2455
A100: Accounts Payable Growth | B100: - | C100: 0.0373 | D100: -0.8275 | E100: 4.2105 | F100: 0.0659
A102: Income Tax Payable | B102: 52 | C102: 7 | D102: 4 | E102: 16 | F102: 14
A103: Other Current Liabilities | B103: 418 | C103: 339 | D103: 2482 | E103: 134 | F103: 140
A104: Miscellaneous Current Liabilities | B104: 175 | C104: 169 | D104: 2482 | E104: 134 | F104: 140
A105: Total Current Liabilities | B105: 3687 | C105: 3701 | D105: 4032 | E105: 3772 | F105: 3589
A106: Current Ratio | B106: 1.95 | C106: 1.79 | D106: 1.52 | E106: 2.08 | F106: 2.1
A107: Quick Ratio | B107: 1.92 | C107: 1.77 | D107: 1.5 | E107: 2.05 | F107: 2.07
A108: Cash Ratio | B108: 1.31 | C108: 1.15 | D108: 1.35 | E108: 1.91 | F108: 1.91
A109: Long-Term Debt | B109: 3833 | C109: 3819 | D109: 3223 | E109: 5788 | F109: 6197
A110: Long-Term Debt excl. Capitalized Leases | B110: 3833 | C110: 3819 | D110: 3223 | E110: 5788 | F110: 6197
A111: Deferred Taxes | B111: 406 | C111: 416 | D111: 551 | E111: 567 | F111: 577
A112: Deferred Taxes - Credit | B112: 611 | C112: 613 | D112: 737 | E112: 669 | F112: 668
A113: Deferred Taxes - Debit | B113: 204 | C113: 197 | D113: 186 | E113: 101 | F113: 92
... A119: Common Stock Par/Carry Value | B119: 594 | C119: 594 | D119: 594 | E119: 594 | F119: 1764
A120: Additional Paid-In Capital/Capital Surplus | B120: 1171 | C120: 1171 | D120: 1171 | E120: 1171 | F120: -
A121: Retained Earnings | B121: 14749 | C121: 15135 | D121: 16808 | E121: 16719 | F121: 16561
A122: Cumulative Translation Adjustment/Unrealized For. Exch. Gain | B122: - | C122: - | D122: 2197 | E122: - | F122: -
...

Sheet Analysis (2Q 2017)
B1: Yearly | G1: Current
A2: Without Non-Op Income | B2: ='Analysis (2017)'!C279 -> 2013 | C2: ='Analysis (2017)'!D279 -> 2014 | D2: ='Analysis (2017)'!E279 -> 2015 | E2: ='Analysis (2017)'!F279 -> 2016 | F2: Average | G2: 2Q 2017
A3: Operational Metrics
A4: Growth (%)
A5: Revenue | C5: ='Analysis (2017)'!J98 -> -0.011887608 | D5: ='Analysis (2017)'!K98 -> 0.020294082 | E5: ='Analysis (2017)'!L98 -> 0.063839924 | F5: =AVERAGE(C5:E5) -> 0.024082133 | G5: ='Quarterly Numbers (Q2)'!M3 -> 0.025503356
A6: EBITDA | C6: ='Analysis (2017)'!J99 -> -0.10087719 | D6: ='Analysis (2017)'!K99 -> -0.12195122 | E6: ='Analysis (2017)'!L99 -> 0.16313131 | F6: =AVERAGE(C6:E6) -> -0.019899033 | G6: ='Quarterly Numbers (Q2)'!M4 -> -0.19344262
A7: Net Income | C7: ='Analysis (2017)'!J104 -> -0.34466019 | D7: ='Analysis (2017)'!K104 -> -0.11203704 | E7: ='Analysis (2017)'!L104 -> 0.18873827 | F7: =AVERAGE(C7:E7) -> -0.089319654 | G7: ='Quarterly Numbers (Q2)'!M5 -> -0.56682028
A8: Op Cash Flow | C8: ='Analysis (2017)'!D117 -> -0.23780771 | D8: ='Analysis (2017)'!E117 -> 0.18829982 | E8: ='Analysis (2017)'!F117 -> 0.21435897 | F8: =AVERAGE(C8:E8) -> 0.05495036 | G8: ='Quarterly Numbers (Q2)'!M6 -> -0.25693376
A10: Margin to Revenue (%)
A11: EBITDA | B11: ='Analysis (2017)'!I81 -> 0.30115274 | C11: ='Analysis (2017)'!J81 -> 0.27403087 | D11: ='Analysis (2017)'!K81 -> 0.23582658 | E11: ='Analysis (2017)'!L81 -> 0.25783699 | F11: =AVERAGE(C11:E11) -> 0.25589815 | G11: ='Quarterly Numbers (Q2)'!M11 -> 0.21465969
A12: Net Income | B12: ='Analysis (2017)'!I84 -> 0.19788665 | C12: ='Analysis (2017)'!J84 -> 0.13124316 | D12: ='Analysis (2017)'!K84 -> 0.11422106 | E12: ='Analysis (2017)'!L84 -> 0.12763099 | F12: =AVERAGE(C12:E12) -> 0.12436507 | G12: ='Quarterly Numbers (Q2)'!M12 -> 0.082024433
A14: Op Cash Flow to EBITDA | B14: ='Analysis (2017)'!C116/'Analysis (2017)'!I57 -> 0.85845295 | C14: ='Analysis (2017)'!D116/'Analysis (2017)'!J57 -> 0.72771619 | D14: ='Analysis (2017)'!E116/'Analysis (2017)'!K57 -> 0.98484848 | E14: ='Analysis (2017)'!F116/'Analysis (2017)'!L57 -> 1.0282241 | F14: =AVERAGE(C14:E14) -> 0.91359624 | G14: ='Quarterly Numbers (Q2)'!M30 -> 1.0739512
A16: Leverage and Capital Structure
A17: Total Debt | B17: =SUM(B18:B19) -> 1680 | C17: =SUM(C18:C19) -> 1618 | D17: =SUM(D18:D19) -> 4625 | E17: =SUM(E18:E19) -> 4326 | F17: =AVERAGE(B17:E17) -> 3062.25 | G17: =SUM(G18:G19) -> 7177
A18: - Short Term | B18: ='Analysis (2017)'!C189 -> 197 | C18: ='Analysis (2017)'!D189 -> 207 | D18: ='Analysis (2017)'!E189 -> 784 | E18: ='Analysis (2017)'!F189 -> 1103 | F18: =AVERAGE(B18:E18) -> 572.75 | G18: ='Quarterly Numbers (Q2)'!F97 -> 980
A19: - Long Term | B19: ='Analysis (2017)'!C188 -> 1483 | C19: ='Analysis (2017)'!D188 -> 1411 | D19: ='Analysis (2017)'!E188 -> 3841 | E19: ='Analysis (2017)'!F188 -> 3223 | F19: =AVERAGE(B19:E19) -> 2489.5 | G19: ='Quarterly Numbers (Q2)'!F109 -> 6197 | H19: =G19-E19 -> 2974
A20: Common Equity | B20: ='Analysis (2017)'!C231 -> 15458 | C20: ='Analysis (2017)'!D231 -> 16304 | D20: ='Analysis (2017)'!E231 -> 19080 | E20: ='Analysis (2017)'!F231 -> 19865 | F20: =AVERAGE(B20:E20) -> 17676.75 | G20: ='Quarterly Numbers (Q2)'!F118 -> 19288
A22: Debt/(Debt + Equity) | B22: =B17/(B17+B20) -> 0.098027775 | C22: =C17/(C17+C20) -> 0.090280103 | D22: =D17/(D17+D20) -> 0.19510652 | E22: =E17/(E17+E20) -> 0.17882684 | F22: =AVERAGE(B22:E22) -> 0.14056031 | G22: =G17/(G17+G20) -> 0.27118836
A23: Interest Service Ratio
A24: EBIT (w/o Other Income) | B24: ='Analysis (2017)'!C221 -> 1955 | C24: ='Analysis (2017)'!D221 -> 1647 | D24: ='Analysis (2017)'!E221 -> 1296 | E24: ='Analysis (2017)'!F221 -> 1502 | F24: =AVERAGE(B24:E24) -> 1600 | G24: ='Quarterly Numbers (Q2)'!M20 -> 239
A25: Interest Expense | B25: ='Analysis (2017)'!C222 -> 34 | C25: ='Analysis (2017)'!D222 -> 35 | D25: ='Analysis (2017)'!E222 -> 36 | E25: ='Analysis (2017)'!F222 -> 92 | F25: =AVERAGE(B25:E25) -> 49.25 | G25: ='Quarterly Numbers (Q2)'!M21 -> 31
A27: Interest Expense to EBIT (%) | B27: =B25/B24 -> 0.017391304 | C27: =C25/C24 -> 0.021250759 | D27: =D25/D24 -> 0.027777778 | E27: =E25/E24 -> 0.061251664 | F27: =F25/F24 -> 0.03078125 | G27: =G25/G24 -> 0.12970711
B29: 2013 | C29: 2014 | D29: 2015 | E29: 2016 | F29: Average | G29: 2H 2017
A30: Operational Metrics Level
A31: Revenue | B31: ='Analysis (2017)'!I50 -> 8328 | C31: ='Analysis (2017)'!J50 -> 8229 | D31: ='Analysis (2017)'!K50 -> 8396 | E31: ='Analysis (2017)'!L50 -> 8932 | F31: =AVERAGE(B31:E31) -> 8471.25 | G31: =SUM('Quarterly Numbers (Q2)'!E2:F2) -> 4516
A32: EBITDA | B32: ='Analysis (2017)'!I57 -> 2508 | C32: ='Analysis (2017)'!J57 -> 2255 | D32: ='Analysis (2017)'!K57 -> 1980 | E32: ='Analysis (2017)'!L57 -> 2303 | F32: =AVERAGE(B32:E32) -> 2261.5 | G32: =SUM('Quarterly Numbers (Q2)'!E50:F50) -> 974
A33: Net Income | B33: ='Analysis (2017)'!I68 -> 1648 | C33: ='Analysis (2017)'!J68 -> 1080 | D33: ='Analysis (2017)'!K68 -> 959 | E33: ='Analysis (2017)'!L68 -> 1140 | F33: =AVERAGE(B33:E33) -> 1206.75 | G33: =SUM('Quarterly Numbers (Q2)'!E58:F58) -> 452
A35: Percentage of 2H 2017 to | B35: 2017 | C35: Average
A36: Revenue | B36: =G31/E31 -> 0.50559785 | C36: =G31/F31 -> 0.53309724
A37: EBITDA | B37: =G32/E32 -> 0.42292662 | C37: =G32/F32 -> 0.4306876
A38: Net Income | B38: =G33/E33 -> 0.39649123 | C38: =G33/F33 -> 0.37455977
A40: Projection for 2017 according to | B40: 2017 | C40: Average
A41: Revenue | B41: =G31/(1 - B36) -> 9134.2645 | C41: =G31/(1-C36) -> 9672.2495
A42: EBITDA | B42: =G32/(1 - B37) -> 1687.8269 | C42: =G32/(1-C37) -> 1710.8357
A43: Net Income | B43: =G33/(1 - B38) -> 748.95349 | C43: =G33/(1-C38) -> 722.69096
A45: Implied Growth Rate | B45: 2017 | C45: Average
A46: Revenue | B46: =B41/E31 - 1 -> 0.022644928 | C46: =C41/E31 - 1 -> 0.082876124
A47: EBITDA | B47: =B42/E32 - 1 -> -0.26711813 | C47: =C42/E32 - 1 -> -0.25712734
A48: Net Income | B48: =B43/E33 - 1 -> -0.34302326 | C48: =C43/E33 - 1 -> -0.36606056

Sheet 2017 Update

Sheet Sheet2
